 Dungeon Crawl Stone Soup version 0.30-a0-1157-g2cc9ac7196 (webtiles) character file.

Game seed: 9241909432445932063

9141703 snarfax the Conqueror (level 27, 273/273 HPs)
             Began as a Hill Orc Fighter on Apr 21, 2023.
             Was the Champion of Jiyva.
             Escaped with the Orb
             ... and 10 runes on Apr 25, 2023!
             The game lasted 04:47:10 (79286 turns).

snarfax the Conqueror (Hill Orc Fighter)           Turns: 79286, Time: 04:47:11

Health: 273/273    AC: 62    Str: 31    XL:     27
Magic:  25/25      EV: 27    Int:  6    God:    Jiyva [******]
Gold:   5702       SH: 25    Dex: 16    Spells: 26/26 levels left

rFire   + + +        y - +8 mithril axe "Arga" {speed, Will+}
rCold   + + +        x - +2 shield of Resistance {rF++ rC++ Will++}
rNeg    + + +        O - +14 gold dragon scales of Responsibility {rElec rPois rF+ rC+ rN+ Regen+}
rPois   +            a - +0 hat of the Barnacled God {rN++}
rElec   +            j - +2 cloak {Will+}
rCorr   +            C - +2 pair of gloves {Dex+3}
SInv    +            W - +4 pair of boots of Gallantry {rC+}
Will    +++++        p - amulet "Xintethi" {Reflect Will+ Dex+3 SH+5 SInv}
Stlth   +            Y - +5 ring of evasion
HPRegen 3.05/turn    K - +4 ring of slaying
MPRegen 0.69/turn

%: reflection, clarity
@: studying 3 skills
A: iridescent scales 1, clarity, deterioration 1, dopey 1, high MP 1, poison
resistance, shaggy fur 3, weak 1, gelatinous body 2, cold vulnerability 1,
inability to read after injury 1, MP-powered wands, sturdy frame 1
0: Orb of Zot
}: 10/15 runes: decaying, slimy, silver, iron, abyssal, demonic, glowing, fiery,
dark, gossamer
a: Renounce Religion, Oozemancy, Slimify


You escaped.
You worshipped Jiyva.
Jiyva was exalted by your worship.
You visited 17 branches of the dungeon, and saw 74 of its levels.
You visited Pandemonium 2 times, and saw 16 of its levels.
You visited the Abyss 4 times.
You visited 1 bazaar.
You also visited: Bailey, Ice Cave and Wizlab.

You collected 9928 gold pieces.
You spent 4226 gold pieces at shops.

Inventory:

Hand Weapons
 k - the +8 lance "Wyrmbane" {slay drac, rPois rF+ rC+ AC+3}
   (You found it on level 5 of the Vaults)

   AC:        It affects your AC (+3).
   rF:        It protects you from fire.
   rC:        It protects you from cold.
   rPois:     It protects you from poison.
 w - the +6 sword of Cerebov {flame}
   (You took it off Cerebov in Pandemonium)
 y - the +8 mithril axe "Arga" (weapon) {speed, Will+}
   (You took it off a vampire knight on level 2 of the Depths)

   Will:      It increases your willpower.
 z - a +9 broad axe of freezing
 D - a +7 heavy broad axe
 N - the +7 great mace "Undeadhunter" {deathbane, rN+}
   (You took it off a deep elf pyromancer on level 3 of the Elven Halls)

   rN:        It protects you from negative energy.
Missiles
 e - 55 poisoned darts
 f - 15 curare-tipped darts
 A - 16 atropa-tipped darts (quivered)
 B - 4 datura-tipped darts
Armour
 a - the +0 hat of the Barnacled God (worn) {rN++}
   (You found it on level 1 of the Depths)

   rN:        It greatly protects you from negative energy.
 b - a +3 crystal plate armour of cold resistance
 j - a +2 cloak of willpower (worn)
 l - the +1 pair of gloves "Jeshomad" {Will++ rCorr SInv Stlth+}
   (You found it on level 2 of the Elven Halls)

   SInv:      It lets you see invisible.
   rCorr:     It protects you from acid and corrosion.
   Will:      It greatly increases your willpower.
   Stlth:     It makes you more stealthy.
 m - a +1 tower shield of positive energy
 x - the +2 shield of Resistance (worn) {rF++ rC++ Will++}
   (You bought it in a shop on level 2 of the Elven Halls)

   rF:        It greatly protects you from fire.
   rC:        It greatly protects you from cold.
   Will:      It greatly increases your willpower.
 C - a +2 pair of gloves of dexterity (worn)
 O - the +14 gold dragon scales of Responsibility (worn) {rElec rPois rF+ rC+ rN+ Regen+}
   (You bought it in a shop on level 1 of the Depths)

   rF:        It protects you from fire.
   rC:        It protects you from cold.
   rElec:     It insulates you from electricity.
   rPois:     It protects you from poison.
   rN:        It protects you from negative energy.
   Regen:     It increases your rate of health regeneration.
 W - the +4 pair of boots of Gallantry (worn) {rC+}
   (You found it in Pandemonium)

   rC:        It protects you from cold.
Jewellery
 c - a ring of the Octopus King {Wiz HP+2 AC+2 EV+2 SH+2}
   (You found it on level 5 of the Pits of Slime)

   [ring of wizardry]

   It improves your spell success rate.
   AC:        It affects your AC (+2).
   EV:        It affects your evasion (+2).
   HP:        It affects your health (+2).
   SH:        It affects your SH (+2).
 i - the ring of Darkness {rPois SInv}
   (You found it in Pandemonium)

   [ring of see invisible]

   rPois:     It protects you from poison.
   SInv:      It lets you see invisible.
 o - a +4 ring of protection
 p - the amulet "Xintethi" (around neck) {Reflect Will+ Dex+3 SH+5 SInv}
   (You found it on level 5 of the Lair of Beasts)

   [amulet of reflection]

   It reflects blocked missile attacks.
   Dex:       It affects your dexterity (+3).
   SInv:      It lets you see invisible.
   SH:        It affects your SH (+5).
   Will:      It increases your willpower.
 q - a +6 ring of dexterity
 r - a ring of willpower
 s - a +4 ring of protection
 I - a ring of positive energy
 K - a +4 ring of slaying (right hand)
 L - a +6 ring of strength
 Y - a +5 ring of evasion (left hand)
Wands
 h - a wand of digging (37)
 H - a wand of iceblast (81)
 X - a wand of flame (147)
Scrolls
 t - 11 scrolls of fog
 v - 4 scrolls of poison
 E - 5 scrolls of fear
 M - 5 scrolls of blinking
 Q - 5 scrolls of teleportation
 T - 3 scrolls of silence
 U - 3 scrolls of magic mapping
Potions
 d - 6 potions of might
 n - 6 potions of flight
 u - 12 potions of lignification
 F - 5 potions of curing
 G - 2 potions of berserk rage
 P - 6 potions of invisibility
 R - a potion of heal wounds
 S - 2 potions of cancellation
 V - 2 potions of haste
 Z - 4 potions of resistance


   Skills:
 O Level 27 Fighting
 O Level 27 Axes
 - Level 10.0 Throwing
 O Level 27 Armour
 + Level 25.8 Dodging
 * Level 18.6 Stealth
 O Level 27 Shields
 - Level 10.0 Evocations


You had 26 spell levels left.
You didn't know any spells.
Your spell library contained the following spells:

 Spells                   Type           Power      Damage    Failure   Level
 Apportation              Tloc           0%         N/A       88%         1
 Beastly Appendage        Tmut           0%         N/A       88%         1
 Freeze                   Ice            0%         1d3       88%         1
 Kiss of Death            Conj/Necr      0%         2d5       88%         1
 Magic Dart               Conj           0%         1d3       88%         1
 Necrotise                Necr           0%         1d4       88%         1
 Sandblast                Erth           0%         2d4       88%         1
 Shock                    Conj/Air       0%         1d3       88%         1
 Slow                     Hex            0%         N/A       88%         1
 Summon Small Mammal      Summ           0%         N/A       88%         1
 Blink                    Tloc           0%         N/A       96%         2
 Call Imp                 Summ           0%         N/A       96%         2
 Ensorcelled Hibernation  Hex/Ice        0%         N/A       96%         2
 Lesser Beckoning         Tloc           0%         N/A       96%         2
 Momentum Strike          Conj/Tloc      0%         3d8       96%         2
 Passwall                 Tmut/Erth      0%         N/A       96%         2
 Poisonous Vapours        Pois/Air       0%         N/A       96%         2
 Wereblood                Tmut           0%         N/A       96%         2
 Confusing Touch          Hex            0%         N/A       99%         3
 Dazzling Flash           Conj/Hex       0%         N/A       99%         3
 Frozen Ramparts          Ice            0%         1d1       99%         3
 Gell's Gravitas          Tloc           0%         N/A       99%         3
 Hailstorm                Conj/Ice       0%         3d3       99%         3
 Ignite Poison            Fire/Tmut/Pois 0%         N/A       99%         3
 Inner Flame              Hex/Fire       0%         N/A       99%         3
 Mephitic Cloud           Conj/Pois/Air  0%         N/A       99%         3
 Ozocubu's Armour         Ice            0%         N/A       99%         3
 Portal Projectile        Hex/Tloc       0%         N/A       99%         3
 Spider Form              Tmut/Pois      0%         N/A       99%         3
 Stone Arrow              Conj/Erth      0%         3d7       99%         3
 Summon Guardian Golem    Hex/Summ       0%         N/A       99%         3
 Swiftness                Air            0%         N/A       99%         3
 Teleport Other           Tloc           0%         N/A       99%         3
 Tukima's Dance           Hex            0%         N/A       99%         3
 Vampiric Draining        Necr           0%         2d6       99%         3
 Vhi's Electric Charge    Tloc/Air       0%         N/A       99%         3
 Volatile Blastmotes      Fire/Tloc      0%         2d10      99%         3
 Airstrike                Air            0%         2d(0-16)  100%        4
 Anguish                  Hex/Necr       0%         N/A       100%        4
 Animate Armour           Summ/Erth      0%         N/A       100%        4
 Dispel Undead            Necr           0%         3d6       100%        4
 Fulminant Prism          Conj/Hex       0%         3d5       100%        4
 Ice Form                 Ice/Tmut       0%         N/A       100%        4
 Iskenderun's Mystic Bla  Conj/Tloc      0%         2d3       100%        4
 Leda's Liquefaction      Hex/Erth       0%         N/A       100%        4
 Passage of Golubria      Tloc           0%         N/A       100%        4
 Petrify                  Tmut/Erth      0%         N/A       100%        4
 Sticky Flame             Conj/Fire      0%         2d3       100%        4
 Summon Ice Beast         Ice/Summ       0%         N/A       100%        4
 Alistair's Intoxication  Tmut/Pois      0%         N/A       100%        5
 Arcjolt                  Conj/Air       0%         1d10      100%        5
 Blade Hands              Tmut           0%         N/A       100%        5
 Fireball                 Conj/Fire      0%         3d3       100%        5
 Freezing Cloud           Conj/Ice/Air   0%         6-21      100%        5
 Irradiate                Conj/Tmut      0%         3d11      100%        5
 Iskenderun's Battlesphe  Conj           0%         2d6       100%        5
 Lee's Rapid Deconstruct  Erth           0%         3d4*      100%        5
 Metabolic Englaciation   Hex/Ice        0%         N/A       100%        5
 Silence                  Hex/Air        0%         N/A       100%        5
 Summon Forest            Summ/Tloc      0%         N/A       100%        5
 Summon Mana Viper        Hex/Summ       0%         N/A       100%        5
 Yara's Violent Unravell  Hex/Tmut       0%         3d3       100%        5
 Conjure Ball Lightning   Conj/Air       0%         3x3d6     100%        6
 Dispersal                Tloc           0%         N/A       100%        6
 Iron Shot                Conj/Erth      0%         9d1       100%        6
 Plasma Beam              Fire/Air       0%         2x1d11    100%        6
 Simulacrum               Ice/Necr       0%         N/A       100%        6
 Starburst                Conj/Fire      0%         6d3       100%        6
 Statue Form              Tmut/Erth      0%         N/A       100%        6
 Summon Cactus Giant      Summ           0%         N/A       100%        6
 Enfeeble                 Hex            0%         N/A       100%        7
 Haunt                    Necr/Summ      0%         N/A       100%        7
 Orb of Destruction       Conj           0%         9d5       100%        7
 Ozocubu's Refrigeration  Ice            0%         4d7       100%        7
 Spellforged Servitor     Conj/Summ      0%         N/A       100%        7
 Summon Hydra             Summ           0%         N/A       100%        7
 Ignition                 Fire           0%         3d3       100%        8
 Lehudib's Crystal Spear  Conj/Erth      0%         10d2      100%        8
 Maxwell's Capacitive Co  Air            0%         ∞         100%        8
 Necromutation            Tmut/Necr      0%         N/A       100%        8
 Summon Horrible Things   Summ           0%         N/A       100%        8
 Dragon's Call            Summ           0%         N/A       100%        9
 Fire Storm               Conj/Fire      0%         5d1       100%        9
 Shatter                  Erth           0%         3d5*      100%        9


Dungeon Overview and Level Annotations

Branches:
Dungeon (15/15)            Temple (0/1) D:7            Lair (5/5) D:10
  Swamp (4/4) Lair:3       Spider (4/4) Lair:2        Slime (5/5) Lair:5
    Orc (2/2) D:9             Elf (3/3) Orc:2        Vaults (5/5) D:13
  Crypt (3/3) Vaults:3       Tomb (1/3) Crypt:3      Depths (4/4) D:15
   Hell (visited)             Dis (7/7) Hell            Geh (1/7) Hell
    Coc (4/7) Hell            Tar (5/7) Hell            Zot (5/5) Depths:4
 Bailey (visited)           IceCv (visited)          WizLab (visited)

Altars:
Ashenzari
Cheibriados
Dithmenos
Elyvilon
Fedhas
Gozag
Hepliaklqana
Kikubaaqudgha
Makhleb
Okawaru
Qazlal
Ru
Sif Muna
Trog
Uskayaw
Vehumet
Wu Jian
Xom
Yredelemnul
Zin
The Shining One
Beogh
Jiyva

Shops:
D:4 =*   D:11 :   D:12 *   Orc:2 **(=   Elf:1 (   Elf:2 [*   Vaults:1 =
Vaults:2 [   Vaults:3 (   Vaults:4 *   Depths:1 *   Depths:2 =

Portals:
Hell: Depths:1 Depths:2 Depths:3 Depths:4
Abyss: Depths:3
Pandemonium: Depths:2
Ziggurat: Depths:1

Annotations:
Slime:2 Dissolution
Slime:5 Royal Jelly
Dis:7 Dispater
Zot:2 3 transporters


Innate Abilities, Weirdness & Mutations

You are partially covered in iridescent scales. (AC +2)
You possess an exceptional clarity of mind.
Your body sometimes deteriorates upon taking damage.
You are dopey. (Int -2)
You have an increased reservoir of magic. (+10% MP)
Your system is resistant to poisons. (rPois)
Your thick and shaggy fur keeps you warm. (AC +3, rC+)
You are weak. (Str -2)
Your pliable body absorbs attacks. (AC +2, EV +2)
You are vulnerable to cold. (rC-)
You occasionally lose the ability to read scrolls when taking damage.
You expend magic power (3 MP) to strengthen your wands.
Your movements are slightly less encumbered by armour. (ER -2)


Message History

You hear a slurping noise.
You hit the war gargoyle but do no damage.
The war gargoyle is almost destroyed.
You slice the war gargoyle!! The war gargoyle barely misses you.
You block the war gargoyle's attack.
You cut the war gargoyle into ribbons!!!
You destroy the war gargoyle!
The war gargoyle disappears in a puff of smoke!
You slash the war gargoyle! You block the war gargoyle's attack.
You hit the war gargoyle but do no damage.
The war gargoyle is almost destroyed.
You slash the sphinx! You slice the war gargoyle!!
You destroy the war gargoyle!
The war gargoyle disappears in a puff of smoke!
You slice the sphinx!! The sphinx completely misses you.
The sphinx closely misses you. You block the sphinx's attack.
You open the sphinx like a pillowcase!!!
The sphinx is almost dead.
You cut the sphinx into ribbons!!!
You kill the sphinx!
The sphinx's corpse disappears in a puff of smoke!
The demonspawn corrupter calls forth creatures from the Crypt!
No reachable target in view!
There is a staircase leading out of the dungeon here.
You open the flayed ghost like a pillowcase!!!
The flayed ghost is almost destroyed.
You closely miss the flayed ghost.
The flayed ghost is almost destroyed.
You slash the flayed ghost!
You destroy the flayed ghost!
The flayed ghost disappears in a puff of smoke!
The demonspawn corrupter calls forth creatures from the Elven Halls!
Why would you want to do that?
The demonspawn corrupter calls down the wrath of Lugonu upon you.
The demonspawn corrupter calls forth creatures from the Crypt!
The demonspawn corrupter calls forth creatures from the Abyss!
The starcursed mass touches you but does no damage.
A starcursed mass splits.
You have escaped!

# #.#
#.###.##...#
# #.#
#..##.3....#
# #.#
#...'.....⌠#
# #.#
#.###......#
# #.# #.#
#.#...≈# #
#.# #.#
#.#..X≈# #
#.# #.#
#...X≈X# #
#.#####.#
#...X≈≈# #
#.......#
#..@≈≈6# #
#.#######
###.#### ###
#.# ###


You could see 3 starcursed masses, a demonspawn corrupter, a tentacled starspawn
(summoned) and a sixfirhy.

Vanquished Creatures
  Cerebov (Pan)
  Gloorx Vloq (Pan)
  Mnoleg (Pan)
  2 dread liches (Zot:5)
  5 orbs of fire
  4 ancient liches
  9 pandemonium lords
  Mennas (Pan)
  Boris (twice) (Depths:1 Crypt:1)
  2 royal mummies (Tomb:1)
  Vv (Crypt:2)
  The ghost of Uroast the Impregnable, a veteran MiGl of Hepliaklqana (Crypt:2)
  The ghost of Foapeaxo the Slayer, a veteran HOMo of Beogh (Crypt:2)
  7 Killer Klowns (Zot:5)
  11 shard shrikes
  5 curse toes
  Geryon (Hell)
  15 caustic shrikes
  16 golden dragons
  3 profane servitors
  Jory (Crypt:2)
  4 bone dragons
  3 doom hounds (Zot:4)
  3 Tzitzimimeh
  Hellbinder (WizLab)
  2 hellephants
  Jorgrun (Swamp:2)
  11 Brimstone Fiends (Pan)
  The ghost of leviel the Warrior, an adept HOFi of the Shining One (Elf:3)
  4 iron giants (Dis:7)
  A spectral shard shrike (Tar:3)
  24 tentacled monstrosities
  6 electric golems
  15 Hell Sentinels
  3 Ice Fiends
  Zenata (Crypt:3)
  5 tainted leviathans
  30 Orb Guardians
  8 liches
  Mlioglotl (Swamp:2)
  A searing wretch (Hell)
  6 titans
  The ghost of themarg the Convoker, an adept MfSu of Sif Muna (Elf:3)
  2 deep elf blademasters (Elf:3)
  2 deep elf master archers (Elf:3)
  6 quicksilver dragons
  Grunn (Zot:4)
  29 ancient champions
  15 death cobs
  6 tentacled starspawn
  22 Executioners
  23 storm dragons
  16 shadow dragons
  The ghost of Cagrigri the Brawler, an adept TrMo of Nemelex Xobeh (Depths:3)
  16 sphinxes
  4 tengu reavers
  2 thorn hunters
  Donald (Vaults:4)
  4 revenants
  10 draconian monks
  The ghost of patfeehan111222 the Severer, an adept DsBe of Trog (Depths:1)
  2 fenstrider witches
  6 draconian knights
  6 demonspawn warmongers (Pan)
  7 fire giants
  6 emperor scorpions (Spider:4)
  7 frost giants
  15 quicksilver elementals
  2 deep elf sorcerers
  Aizul (Spider:1)
  12 vault wardens
  4 draconian scorchers
  3 iron dragons
  14 ghost moths
  Louise (Swamp:2)
  2 orc warlords
  6 draconian stormcallers
  31 cacodemons
  An angel (D:1)
  24 balrugs
  A spectral caustic shrike (Tar:3)
  5 deep elf elementalists (Elf:3)
  4 curse skulls
  A caustic shrike zombie (Crypt:3)
  7 draconian shifters
  10 demonspawn blood saints
  13 reapers
  2 shard shrike simulacra
  4 broodmothers
  5 ghouls (Crypt:2)
  29 very ugly things
  14 stone giants
  The ghost of Fabaskic the Severer, a journeyman FoFi of Gozag (Elf:2)
  24 ironbound preservers
  45 war gargoyles
  A spriggan defender (Depths:3)
  An ophan (Abyss:4)
  9 draconian annihilators
  4 ironbound thunderhulks
  2 elemental wellsprings
  6 demonspawn corrupters (Pan)
  A juggernaut skeleton (Pan)
  10 vampire knights
  10 green draconians
  2 bennus (Tomb:1)
  7 demonspawn black suns
  A deep elf demonologist (Elf:3)
  6 deep elf annihilators
  6 eleionomae
  Azrael (Spider:2)
  6 putrid mouths
  A spectral titan (Tar:4)
  16 lorocyprocas
  5 spark wasps
  2 wendigos (Coc:2)
  14 dire elephants
  17 purple draconians
  4 bunyips
  17 black draconians
  20 red draconians
  14 yellow draconians
  11 white draconians
  A merfolk impaler (Depths:3)
  9 eidola (Crypt:3)
  17 blizzard demons
  11 green deaths
  5 spectral quicksilver dragons
  12 iron golems
  Snorg (D:13)
  3 crystal guardians
  4 mummy priests (Tomb:1)
  10 ettins
  A spectral fenstrider witch (Crypt:3)
  8 deep elf death magi
  2 deep elf high priests (Elf:3)
  A shambling mangrove (Swamp:2)
  15 jiangshi
  12 fire dragons
  32 vault guards
  5 spectral spriggans
  Erolcha (D:13)
  A spectral tengu (Depths:3)
  4 entropy weavers
  17 yaktaur captains
  5 hell beasts
  6 juggernaut simulacra
  10 hydras
  A quicksilver dragon skeleton (Crypt:2)
  A salamander tyrant (Depths:3)
  3 peacekeepers (Vaults:4)
  12 rakshasas
  9 ice dragons
  3 ghost crabs
  A jorogumo (Spider:2)
  A spectral stone giant (Crypt:3)
  A spriggan air mage (Depths:3)
  5 spectral shadow dragons
  5 boulder beetles
  A catoblepas (Lair:4)
  5 ironbound frosthearts
  3 centaur warriors
  A fenstrider witch skeleton (Crypt:1)
  A two-headed ogre (shapeshifter) (Vaults:5)
  3 radroaches
  2 naga warriors (Abyss:4)
  6 deep troll earth magi
  5 alligators
  6 death knights
  33 dancing weapons
  6 death yaks
  3 two-headed ogres
  9 deep troll shamans
  12 death scarabs (Tomb:1)
  11 thrashing horrors
  10 vampire magi
  14 hell hogs
  A spectral dire elephant (Crypt:3)
  A storm dragon zombie (Hell)
  16 deep elf knights
  2 titan zombies (Hell)
  3 spriggan berserkers
  3 spectral storm dragons
  Sonja (D:13)
  3 tengu warriors
  20 hell knights
  5 wretched stars
  A salamander mystic (Depths:3)
  62 soul eaters
  A skyshark (Lair:3)
  2 sun moths (Spider:4)
  7 crystal echidnas
  8 iron trolls
  22 sixfirhies
  76 sun demons
  14 shadow wraiths
  19 skeletal warriors
  3 pharaoh ants
  13 orb spiders
  A ghost moth zombie (Crypt:3)
  A spectral anaconda (Crypt:3)
  2 spriggan druids (Swamp:2)
  2 spark wasp zombies (D:15)
  A deep troll (shapeshifter) (Depths:1)
  A spatial maelstrom (Abyss:4)
  An anaconda zombie (Crypt:1)
  A goliath frog (Swamp:2)
  3 death drakes
  A cherub (D:1)
  11 shadow demons
  2 golden dragon zombies (Hell)
  Lodul (D:12)
  86 deep trolls
  5 swamp dragons
  15 ironbound convokers
  9 wizards
  14 flayed ghosts
  3 spriggan simulacra
  20 phantasmal warriors
  7 orc knights
  An anaconda skeleton (Pan)
  A bunyip skeleton (Crypt:1)
  12 deep elf archers
  6 spectral hydras
  9 bog bodies
  69 large abominations
  41 deep elf pyromancers
  13 steelbarb worms
  A sphinx zombie (Vaults:1)
  13 lindwurms
  Pikel (D:5)
  18 deep elf zephyrmancers
  12 necromancers
  A fire giant zombie (Vaults:1)
  A shadow dragon zombie (Tomb:1)
  A tengu zombie (Hell)
  6 salamanders (Depths:3)
  2 will-o-the-wisps
  A stone giant zombie (Abyss:1)
  11 orc sorcerers
  27 ugly things
  14 wolf spiders
  A jorogumo skeleton (Crypt:3)
  An iron dragon zombie (Hell)
  4 cyclopes
  3 frost giant zombies
  A worldbinder (Abyss:4)
  15 vault sentinels
  A manticore (D:14)
  Maurice (D:13)
  An eleionoma skeleton (Crypt:1)
  An elf zombie (Vaults:4)
  14 black mambas
  35 moths of wrath
  A spectral centaur (Crypt:3)
  7 elephants
  3 apocalypse crabs (Abyss:4)
  8 torpor snails
  A storm dragon simulacrum (Crypt:2)
  5 titan simulacra
  10 rust devils
  An alligator snapping turtle zombie (Hell)
  52 smoke demons
  A guardian serpent (Lair:5)
  2 ice statues (IceCv)
  31 demonic crawlers
  A naga skeleton (Tomb:1)
  17 cane toads
  A dire elephant skeleton (Pan)
  2 unseen horrors
  20 orange demons
  A gargoyle (D:10)
  A white draconian zombie (Crypt:3)
  2 centaur skeletons
  A shock serpent skeleton (Crypt:2)
  11 hellions
  A rime drake (shapeshifter) (D:13)
  20 freezing wraiths
  4 swamp worm zombies (Swamp:4)
  A spriggan zombie (Hell)
  32 yaktaurs
  2 tengu conjurers
  An alligator snapping turtle skeleton (Crypt:2)
  13 tormentors
  11 efreet
  A golden dragon simulacrum (Depths:3)
  2 ancient zymes (Abyss:4)
  3 anaconda simulacra
  10 komodo dragons
  8 guardian mummies
  11 ice devils
  2 spectral nagas
  5 trolls
  A harpy zombie (Crypt:2)
  4 hydra zombies (Swamp:4)
  A silent spectre (Tar:1)
  A queen bee (Lair:1)
  4 spectral harpies
  A troll (shapeshifter) (Vaults:4)
  A minotaur skeleton (Abyss:1)
  10 hellwings
  8 tyrant leeches
  A red devil (WizLab)
  The ghost of roninjake the Chopper, an amateur DsFi (D:5)
  A shadow dragon simulacrum (Coc:1)
  11 hornets
  Grinder (D:3)
  Prince Ribbit (D:5)
  17 blink frogs
  2 polar bears
  6 harpy skeletons
  21 raiju
  2 ettin zombies (Hell)
  19 tarantellas
  4 spectral swamp dragons (Swamp:4)
  3 alligator zombies (Swamp:4)
  3 air elementals
  17 jumping spiders
  18 flying skulls
  3 spriggans (Swamp:2)
  3 dire elephant simulacra
  11 culicivoras
  31 ynoxinuls
  3 shadows
  12 wyverns (Lair:5)
  7 centaur simulacra
  2 ushabtiu (Tomb:1)
  5 spriggan skeletons
  15 water elementals
  12 wraiths
  3 fire bats (Depths:3)
  An ettin skeleton (Pan)
  8 vampires
  An elf simulacrum (Vaults:4)
  5 fire elementals
  A black mamba skeleton (Pan)
  67 yaks
  2 basilisks
  10 humans (D:13)
  4 vampire mosquitoes (Swamp:3)
  Eustachio (D:4)
  33 starcursed masses
  A steam dragon (D:8)
  36 redbacks
  40 chaos spawn
  Menkaure (D:4)
  A death yak simulacrum (IceCv)
  2 human zombies
  17 neqoxecs
  12 wargs
  A spatial vortex (Abyss:4)
  A water nymph zombie (Crypt:1)
  3 acid dragons
  2 hydra simulacra
  14 swamp worms
  2 nagas (Abyss:4)
  29 water moccasins
  9 hell hounds
  9 harpy simulacra
  2 swamp drakes
  2 black bears
  27 orc warriors
  An ettin simulacrum (Coc:3)
  3 ice beasts
  11 ogres
  A black mamba simulacrum (Abyss:1)
  5 boggarts (Vaults:3)
  15 small abominations
  2 swamp dragon zombies (Swamp:4)
  5 centaurs
  16 wolves
  A blink frog skeleton (Crypt:2)
  5 phantoms
  A swamp dragon skeleton (Crypt:1)
  4 lemures (D:5)
  7 kobold brigands
  11 bullfrogs
  3 earth elementals
  A necrophage (Crypt:2)
  A gnoll sergeant (D:10)
  2 cane toad simulacra (IceCv)
  5 scorpions
  A hornet simulacrum (D:14)
  10 wights
  30 killer bees
  A raiju skeleton (Crypt:1)
  6 howler monkeys
  A wolf zombie (Crypt:2)
  5 electric eels
  3 lava snakes (D:9)
  4 jellies
  A quasit (Abyss:1)
  Crazy Yiuf (D:2)
  5 hounds
  10 orc priests
  2 gnoll boudas
  2 sleepcaps (D:6)
  4 iguanas
  Jessica (D:2)
  Terence (D:3)
  43 orc wizards
  7 hell rats (Lair:1)
  12 mummies (Tomb:1)
  Robin (D:3)
  11 gnolls
  9 adders
  A swamp drake zombie (Swamp:4)
  A swamp drake skeleton (Crypt:3)
  3 white imps
  2 ufetubi (D:5)
  2 worms
  4 dart slugs
  70 orcs
  7 ball pythons
  7 bats
  A bat skeleton (Crypt:1)
  8 endoplasms
  3 giant cockroaches
  15 goblins
  13 hobgoblins
  19 jackals
  2 quokkas
  2 frilled lizards
  2 jackal skeletons
  30 kobolds
  6 rats
  A briar patch (Swamp:2)
  5 bushes (Lair:4)
  10 fire vortices
  4 starspawn tentacles (Abyss:4)
3472 creatures vanquished.

Vanquished Creatures (collateral kills)
  A royal mummy (Tomb:1)
  Boris (Vaults:4)
  A curse toe (Zot:4)
  A bone dragon (Tar:5)
  A Brimstone Fiend (Pan)
  2 Ice Fiends
  A tainted leviathan (Tar:5)
  Roxanne (D:14)
  A quicksilver elemental (Dis:7)
  A demonspawn corrupter (Pan)
  A blizzard demon (Pan)
  A mummy priest (Tomb:1)
  3 sun demons (Pan)
  A soul eater (Pan)
  A shadow demon (Pan)
  An orange demon (Pan)
  A smoke demon (Pan)
  3 tormentors (Pan)
  2 ynoxinuls (Pan)
  A yak (D:6)
  A wraith (Crypt:2)
  2 neqoxecs (Pan)
  A chaos spawn (Pan)
  An orc priest (D:6)
  An iguana skeleton (Crypt:2)
32 creatures vanquished.

Vanquished Creatures (others)
  The ghost of Bediveer the Spry, an adept FeEE of Gozag (Vaults:4)
  An azure jelly (Coc:4)
  A caustic shrike zombie (Hell)
  A vault warden (Vaults:3)
  An ironbound preserver (Vaults:3)
  A balrug (Pan)
  An ironbound thunderhulk (Vaults:2)
  A dire elephant (shapeshifter) (Vaults:5)
  A lorocyproca (Pan)
  8 great orbs of eyes
  A deep elf high priest (Vaults:5)
  A hydra (Swamp:1)
  2 dancing weapons
  A thrashing horror (Abyss:4)
  A deep elf knight (Elf:1)
  A bog body (Swamp:4)
  7 glowing orange brains
  A swamp dragon (shapeshifter) (Elf:2)
  A steelbarb worm (shapeshifter) (Elf:2)
  A wizard (Vaults:2)
  An ironbound convoker (Vaults:2)
  2 necromancers
  2 shining eyes (shapeshifter)
  A wolf spider (Spider:4)
  A salamander (shapeshifter) (Abyss:4)
  2 shining eyes (Abyss:4)
  3 moths of wrath
  A worldbinder (Abyss:1)
  An eye of devastation (shapeshifter) (Elf:2)
  A cane toad (shapeshifter) (Elf:2)
  A tormentor (Geh:1)
  5 bloated husks
  A hydra zombie (Swamp:4)
  A tyrant leech (shapeshifter) (Elf:2)
  A blink frog (Abyss:4)
  A dream sheep (shapeshifter) (Vaults:5)
  A harpy skeleton (Pan)
  5 dream sheep (D:7)
  18 slime creatures
  A flying skull (Abyss:4)
  A slime creature (shapeshifter) (Elf:2)
  A culicivora (shapeshifter) (Elf:2)
  A vampire (D:14)
  A dire elephant simulacrum (Coc:2)
  2 large abominations (Abyss:4)
  2 yaks (D:12)
  11 golden eyes (Abyss:4)
  A human (D:13)
  A neqoxec (Pan)
  4 vampire mosquitoes (D:12)
  A swamp worm (shapeshifter) (Elf:2)
  2 swamp worms
  A floating eye (shapeshifter) (Elf:2)
  An acid dragon (D:12)
  6 small abominations (Abyss:4)
  A floating eye (Abyss:4)
  A black bear (shapeshifter) (Elf:2)
  A glowing shapeshifter skeleton (Vaults:1)
  3 phantoms (Swamp:4)
  3 kobold brigands
  A scorpion (shapeshifter) (Elf:2)
  A jelly (shapeshifter) (Vaults:5)
  370 jellies
  5 orc wizards (Orc:2)
  A spectral swamp drake (Swamp:4)
  An ufetubus (Abyss:1)
  6 orcs
  3 briar patches
  A bush (Lair:4)
  A creeping inferno (Hell)
  A demonic plant (Abyss:4)
  2 fire vortices
  8 foxfires
  34 fungi
  2 lurking horrors (Abyss:4)
  102 plants
  8 starspawn tentacles (Abyss:4)
  11 withered plants
687 creatures vanquished.

Grand Total: 4191 creatures vanquished

Notes
Turn   | Place    | Note
-------+----------+-------------------------------------------
     0 | D:1      | snarfax the Hill Orc Fighter began the quest for the Orb.
     0 | D:1      | Reached XP level 1. HP: 19/19 MP: 1/1
   134 | D:1      | Reached XP level 2. HP: 25/26 MP: 2/2
   356 | D:1      | Reached XP level 3. HP: 30/31 MP: 3/3
   492 | D:1      | Reached skill level 5 in Axes
   978 | D:2      | Reached XP level 4. HP: 33/39 MP: 4/4
  1129 | D:2      | Noticed Jessica
  1131 | D:2      | Killed Jessica
  1459 | D:2      | Reached XP level 5. HP: 45/45 MP: 5/5
  1568 | D:2      | Found a runed translucent door.
  1569 | D:2      | Noticed Crazy Yiuf
  1676 | D:2      | Killed Crazy Yiuf
  1853 | D:3      | Found a hide-covered altar of Uskayaw.
  1855 | D:3      | Noticed Robin
  1882 | D:3      | Killed Robin
  1884 | D:3      | Found an ornate altar of the Wu Jian Council.
  1894 | D:3      | Found a blossoming altar of Fedhas.
  1897 | D:3      | Found a sacrificial altar of Ru.
  1897 | D:3      | Found a hazy altar of Hepliaklqana.
  1901 | D:3      | Found a burning altar of Makhleb.
  1904 | D:3      | Found a radiant altar of Vehumet.
  1924 | D:3      | Found a faded altar of an unknown god.
  2011 | D:3      | Noticed Terence
  2016 | D:3      | Killed Terence
  2106 | D:3      | Noticed Grinder
  2136 | D:3      | Killed Grinder
  2137 | D:3      | Reached XP level 6. HP: 16/51 MP: 6/6
  2333 | D:3      | Found a glowing golden altar of the Shining One.
  2986 | D:4      | Reached XP level 7. HP: 57/57 MP: 7/7
  3027 | D:4      | Reached skill level 10 in Axes
  3155 | D:4      | Found Xyduxkuc's Jewellery Shoppe.
  3156 | D:4      | Noticed Eustachio
  3186 | D:4      | Found an iron altar of Okawaru.
  3197 | D:4      | Noticed Menkaure
  3208 | D:4      | Killed Menkaure
  3440 | D:4      | Killed Eustachio
  3496 | D:4      | Found Torghy's Serpentskin Sales.
  3505 | D:4      | Reached XP level 8. HP: 23/64 MP: 8/8
  4100 | D:5      | Entered Level 5 of the Dungeon
  4100 | D:5      | Noticed Prince Ribbit
  4251 | D:5      | Killed Prince Ribbit
  4252 | D:5      | Reached XP level 9. HP: 39/70 MP: 9/9
  4508 | D:5      | Reached skill level 15 in Axes
  4555 | D:5      | Noticed Pikel
  4582 | D:5      | Killed Pikel
  4666 | D:5      | Found a white marble altar of Elyvilon.
  4735 | D:5      | Found a runed translucent door.
  4735 | D:5      | Noticed roninjake's ghost (amateur DsFi)
  4811 | D:5      | Found an ancient bone altar of Kikubaaqudgha.
  5138 | D:6      | Reached skill level 5 in Shields
  5372 | D:6      | Reached XP level 10. HP: 49/77 MP: 10/10
  6940 | D:7      | Found a flagged portal.
  6963 | Bailey   | Entered a bailey
  7215 | Bailey   | Reached skill level 10 in Shields
  7375 | Bailey   | Found a bloodstained altar of Trog.
  7390 | Bailey   | Identified the +6 demon whip of Amekhim {antimagic, Int-4
                  | Dex+7 SInv Stlth-}
  7727 | D:7      | Found a stormy altar of Qazlal.
  7786 | D:7      | Found a staircase to the Ecumenical Temple.
  8075 | D:7      | Found a bloodstained altar of Trog.
  8096 | D:7      | Found a shimmering blue altar of Sif Muna.
  8100 | D:7      | Got Sif Muna's Omnibus of the Elliptic Mantle
  8428 | D:7      | Found a shimmering altar of Xom.
  8454 | D:7      | Found a glowing silver altar of Zin.
  8748 | D:8      | Reached skill level 5 in Fighting
  8834 | D:8      | Identified the +8 hand axe "Bupty" {vamp, Int+6 Dex-4}
  8949 | D:8      | Reached skill level 5 in Armour
  8955 | D:8      | Reached XP level 11. HP: 80/88 MP: 11/11
  9353 | D:9      | Noticed a two-headed ogre
  9414 | D:8      | Killed a two-headed ogre
  9684 | D:9      | Found a broken altar of Ashenzari.
 10122 | D:9      | Found an opulent altar of Gozag.
 10187 | D:9      | Noticed a cyclops
 10189 | D:9      | Found a staircase to the Orcish Mines.
 10198 | D:9      | Killed a cyclops
 10405 | D:9      | Noticed a green ugly thing
 10420 | D:9      | Killed a green ugly thing
 10513 | D:9      | Found a snail-covered altar of Cheibriados.
 10513 | D:9      | Found a shadowy altar of Dithmenos.
 10662 | D:10     | Entered Level 10 of the Dungeon
 10675 | D:10     | Found a staircase to the Lair.
 10675 | D:10     | Noticed a death yak
 10695 | D:10     | Killed a death yak
 10743 | D:10     | Noticed a death yak
 10744 | D:10     | Noticed a death yak
 10744 | D:10     | Noticed a death yak
 10769 | D:9      | Killed a death yak
 10779 | D:9      | Killed a death yak
 10814 | D:10     | Noticed a death yak
 10826 | D:9      | Killed a death yak
 10854 | D:9      | Killed a death yak
 10855 | D:9      | Reached XP level 12. HP: 64/103 MP: 12/12
 11218 | D:10     | Noticed a two-headed ogre
 11225 | D:10     | Killed a two-headed ogre
 11308 | D:10     | Noticed a two-headed ogre
 11319 | D:10     | Killed a two-headed ogre
 11320 | D:10     | Reached skill level 10 in Fighting
 11518 | D:10     | Found a basalt altar of Yredelemnul.
 11977 | Lair:1   | Entered Level 1 of the Lair of Beasts
 12373 | Lair:1   | Reached skill level 10 in Armour
 13388 | Lair:2   | Reached XP level 13. HP: 113/118 MP: 13/13
 13664 | Lair:2   | Found a hole to the Spider Nest.
 14647 | Lair:3   | Found a staircase to the Swamp.
 15254 | Lair:3   | Identified a scroll of acquirement
 15446 | Lair:4   | Identified the +3 dagger of Oozing Pus {flame, *Rage rC+
                  | rN++ Int+3}
 16651 | Lair:4   | Reached skill level 15 in Fighting
 16651 | Lair:4   | Reached XP level 14. HP: 112/135 MP: 14/14
 17089 | Lair:5   | Entered Level 5 of the Lair of Beasts
 17444 | Lair:5   | Found a staircase to the Slime Pits.
 17444 | Lair:5   | Found a viscous altar of Jiyva.
 17463 | Lair:5   | Became a worshipper of Jiyva Jabliduh the Shapeless
 17739 | Lair:5   | Reached skill level 15 in Armour
 18478 | Lair:5   | Identified the amulet "Xintethi" {Reflect Will+ Dex+3 SH+5
                  | SInv}
 18609 | Lair:5   | Found a runed translucent door.
 19180 | Lair:5   | Reached * piety under Jiyva
 19300 | Slime:1  | Entered Level 1 of the Pits of Slime
 19303 | Slime:1  | Noticed a rockslime
 19314 | Slime:1  | Noticed an azure jelly
 19401 | Slime:1  | Noticed an acid blob
 19500 | Slime:1  | Noticed a rockslime
 19539 | Slime:2  | Noticed an acid blob
 19543 | Slime:2  | Noticed a quicksilver ooze
 19618 | Slime:3  | Noticed an azure jelly
 19673 | Slime:3  | Noticed an azure jelly
 19673 | Slime:3  | Noticed a quicksilver ooze
 19698 | Slime:3  | Noticed an acid blob
 19813 | Slime:2  | Noticed Dissolution
 19813 | Slime:2  | Noticed an acid blob
 19813 | Slime:2  | Noticed a rockslime
 19918 | Slime:2  | Noticed a quicksilver ooze
 19967 | Slime:4  | Noticed a quicksilver ooze
 20000 | Slime:4  | Noticed an azure jelly
 20070 | Slime:5  | Entered Level 5 of the Pits of Slime
 20102 | Slime:5  | Noticed an acid blob
 20112 | Slime:5  | Noticed a quicksilver ooze
 20113 | Slime:5  | Noticed the Royal Jelly
 20129 | Slime:5  | Noticed an acid blob
 20135 | Slime:5  | Noticed an acid blob
 20143 | Slime:5  | Noticed a quicksilver ooze
 20152 | Slime:5  | Noticed an acid blob
 20154 | Slime:5  | Noticed an acid blob
 20155 | Slime:5  | Noticed an acid blob
 20159 | Slime:5  | Noticed a rockslime
 20162 | Slime:5  | Noticed an acid blob
 20163 | Slime:5  | Noticed an azure jelly
 20175 | Slime:5  | Noticed a quicksilver ooze
 20179 | Slime:5  | Noticed an azure jelly
 20200 | Slime:5  | Noticed an acid blob
 20208 | Slime:5  | Noticed an acid blob
 20220 | Slime:5  | Noticed an acid blob
 20263 | Slime:5  | Found a viscous altar of Jiyva.
 20271 | Slime:5  | Found the ring of the Octopus King
 20329 | Slime:5  | Noticed an azure jelly
 20338 | Slime:4  | Noticed a quicksilver ooze
 20362 | Slime:4  | Noticed an azure jelly
 20393 | Slime:4  | Noticed a quicksilver ooze
 20438 | Slime:4  | Noticed an azure jelly
 20447 | Slime:4  | Noticed an acid blob
 20918 | D:11     | Found a frozen archway.
 20934 | IceCv    | Entered an ice cave
 20955 | IceCv    | Reached XP level 15. HP: 131/147 MP: 15/15
 20957 | IceCv    | Found a transporter.
 20965 | IceCv    | Found a transporter.
 21113 | D:11     | Found a transporter.
 21156 | D:11     | Found a transporter.
 21398 | D:11     | Reached ** piety under Jiyva
 21489 | D:11     | Found Etewkeux's Book Shoppe.
 21734 | D:11     | Upgraded the game from 0.30-a0-1116-gebefce21f7 to
                  | 0.30-a0-1123-gabc949cf19
 21913 | D:12     | Noticed Lodul
 21929 | D:12     | Killed Lodul
 22056 | D:12     | Identified the +12 glaive "Ukewnon" {drain, rPois rC+ Str-4
                  | Int+2}
 22123 | D:12     | Found Gozag's Platinum Reserve.
 22124 | D:12     | Reached *** piety under Jiyva
 22127 | D:12     | Found an opulent altar of Gozag.
 22368 | D:12     | Gained mutation: You are strong-willed. (Will+) [Jiyva's
                  | grace]
 22368 | D:12     | Gained mutation: You are highly strong-willed. (Will++)
                  | [Jiyva's grace]
 22368 | D:12     | Gained mutation: You are extremely strong-willed. (Will+++)
                  | [Jiyva's grace]
 22368 | D:12     | Gained mutation: You passively map a small area around you.
                  | [Jiyva's grace]
 22430 | D:13     | Noticed Snorg
 22439 | D:13     | Killed Snorg
 22531 | D:13     | Reached **** piety under Jiyva
 22757 | D:13     | Noticed Erolcha
 22761 | D:13     | Killed Erolcha
 22803 | D:13     | Noticed Maurice
 22811 | D:13     | Killed Maurice
 22909 | D:13     | Found a gate to the Vaults.
 22980 | D:13     | Noticed Sonja
 22984 | Abyss:1  | Cast into level 1 of the Abyss (Sonja)
 23045 | Abyss:1  | Found a corrupted altar of Lugonu.
 23056 | Abyss:1  | Reached ***** piety under Jiyva
 23460 | D:13     | Escaped the Abyss
 23466 | D:13     | Killed Sonja
 23782 | D:13     | Identified the staff of air "Wethriat" {rElec Int+5 Dex+5}
 23918 | D:14     | Acquired a ring of willpower
 24010 | D:14     | Noticed Roxanne
 24027 | D:14     | Killed Roxanne
 24246 | D:14     | Lost mutation: You are extremely strong-willed. (Will+++)
                  | [Jiyva's grace]
 24246 | D:14     | Gained mutation: You are partially covered in large bone
                  | plates. (SH +4) [Jiyva's grace]
 24246 | D:14     | Gained mutation: You are mostly covered in large bone
                  | plates. (SH +6) [Jiyva's grace]
 24246 | D:14     | Gained mutation: You are completely covered in large bone
                  | plates. (SH +8) [Jiyva's grace]
 24246 | D:14     | Gained mutation: You are covered in slimy tendrils that may
                  | disarm your opponents. [Jiyva's grace]
 24411 | D:15     | Entered Level 15 of the Dungeon
 24463 | D:15     | Found a staircase to the Depths.
 24753 | D:15     | Found a glowing golden altar of the Shining One.
 25086 | Orc:1    | Entered Level 1 of the Orcish Mines
 25190 | Orc:1    | Reached ****** piety under Jiyva
 25193 | Orc:1    | Found a roughly hewn altar of Beogh.
 25468 | Orc:2    | Entered Level 2 of the Orcish Mines
 25523 | Orc:2    | Noticed an orc warlord
 25571 | Orc:2    | Killed an orc warlord
 25572 | Orc:2    | Reached XP level 16. HP: 159/159 MP: 16/16
 25682 | Orc:2    | Found a staircase to the Elven Halls.
 25817 | Orc:2    | Found Asust's General Store.
 25832 | Orc:2    | Bought 2 potions of heal wounds for 150 gold pieces
 25837 | Orc:2    | Found Juceopt's General Store.
 25852 | Orc:2    | Bought a scroll of teleportation for 39 gold pieces
 25866 | Orc:2    | Gained mutation: Armour fits poorly on your pseudopods.
                  | [Jiyva's grace]
 25866 | Orc:2    | Gained mutation: Armour fits poorly on your large
                  | pseudopods. [Jiyva's grace]
 25866 | Orc:2    | Gained mutation: Armour fits poorly on your massive
                  | pseudopods. [Jiyva's grace]
 25866 | Orc:2    | Gained mutation: Your rubbery body absorbs attacks. (AC +1,
                  | EV +1) [Jiyva's grace]
 25906 | Orc:2    | Found a roughly hewn altar of Beogh.
 25931 | Orc:2    | Found Jiastoimn's Weapon Boutique.
 25931 | Orc:2    | Found Piogokk's Jewellery Emporium.
 26654 | Spider:1 | Entered Level 1 of the Spider Nest
 26858 | Spider:1 | Noticed Aizul
 26872 | Spider:1 | Killed Aizul
 27605 | Spider:2 | Lost mutation: You are completely covered in large bone
                  | plates. (SH +8) [Jiyva's grace]
 27605 | Spider:2 | Lost mutation: Armour fits poorly on your massive
                  | pseudopods. [Jiyva's grace]
 27605 | Spider:2 | Gained mutation: You have supernaturally acute eyesight.
                  | (SInv) [Jiyva's grace]
 27605 | Spider:2 | Gained mutation: You expend magic power (3 MP) to
                  | strengthen your wands. [Jiyva's grace]
 27605 | Spider:2 | Gained mutation: Your body has grown eyes which may confuse
                  | attackers. (Acc +3) [Jiyva's grace]
 27605 | Spider:2 | Gained mutation: Your body has grown many eyes which may
                  | confuse attackers. (Acc +5) [Jiyva's grace]
 27617 | Spider:2 | Noticed Azrael
 27629 | Spider:2 | Killed Azrael
 28348 | Spider:4 | Entered Level 4 of the Spider Nest
 28371 | Spider:4 | Reached XP level 17. HP: 170/170 MP: 17/17
 28866 | Spider:4 | Got a gossamer rune of Zot
 29250 | Slime:5  | Identified a ring of the Octopus King {Wiz HP+2 AC+2 EV+2
                  | SH+2}
 29261 | Slime:5  | Got a slimy rune of Zot
 29306 | Slime:5  | Got Ereshkigal's Exposition on Arcane Weapons
 29315 | Slime:5  | Identified the +9 quarterstaff "Piabric" {freeze, rPois}
 29327 | Slime:5  | Identified the +1 longbow of Debt {heavy, rPois rF- rC+
                  | Str+2}
 29367 | Slime:5  | Acquired a manual of Throwing
 29475 | Swamp:1  | Entered Level 1 of the Swamp
 29509 | Swamp:1  | Reached skill level 15 in Shields
 29516 | Swamp:1  | Reached skill level 1 in Throwing
 30062 | Swamp:2  | Noticed Mlioglotl
 30197 | Swamp:2  | Noticed a tentacled starspawn
 30198 | Swamp:2  | Killed Mlioglotl
 30200 | Swamp:2  | Noticed Jorgrun
 30211 | Swamp:2  | Killed Jorgrun
 30565 | Swamp:2  | Identified the +4 broad axe of Wu Jian's Fury {heavy, rF+
                  | rC+ Int+2 Dex-3}
 30633 | Swamp:2  | Lost mutation: You are mostly covered in large bone plates.
                  | (SH +6) [Jiyva's grace]
 30633 | Swamp:2  | Lost mutation: You have supernaturally acute eyesight.
                  | (SInv) [Jiyva's grace]
 30633 | Swamp:2  | Lost mutation: You are highly strong-willed. (Will++)
                  | [Jiyva's grace]
 30633 | Swamp:2  | Lost mutation: You passively map a small area around you.
                  | [Jiyva's grace]
 30633 | Swamp:2  | Lost mutation: Your body has grown many eyes which may
                  | confuse attackers. (Acc +5) [Jiyva's grace]
 30633 | Swamp:2  | Lost mutation: Your body has grown eyes which may confuse
                  | attackers. (Acc +3) [Jiyva's grace]
 30633 | Swamp:2  | Lost mutation: You expend magic power (3 MP) to strengthen
                  | your wands. [Jiyva's grace]
 30633 | Swamp:2  | Gained mutation: You have a pair of small horns on your
                  | head. [Jiyva's grace]
 30633 | Swamp:2  | Gained mutation: You have a pair of horns on your head.
                  | [Jiyva's grace]
 30633 | Swamp:2  | Gained mutation: You have a pair of large horns on your
                  | head. [Jiyva's grace]
 30633 | Swamp:2  | Gained mutation: Your pliable body absorbs attacks. (AC +2,
                  | EV +2) [Jiyva's grace]
 30673 | Swamp:2  | Noticed Louise
 30679 | Swamp:2  | Killed Louise
 30929 | Swamp:3  | Reached XP level 18. HP: 178/182 MP: 18/18
 30938 | Swamp:3  | Reached skill level 5 in Throwing
 31411 | Swamp:4  | Entered Level 4 of the Swamp
 31791 | Swamp:4  | Noticed a bone dragon
 31817 | Swamp:4  | Killed a bone dragon
 31885 | Swamp:4  | Got a decaying rune of Zot
 32181 | D:15     | Upgraded the game from 0.30-a0-1123-gabc949cf19 to
                  | 0.30-a0-1157-g2cc9ac7196
 32349 | Elf:1    | Entered Level 1 of the Elven Halls
 32501 | Elf:1    | Found Araak's Weapon Shoppe.
 32779 | Elf:1    | Paralysed by an air elemental for 1 turns
 32894 | Elf:1    | Paralysed by an air elemental for 1 turns
 32952 | Elf:1    | Found a radiant altar of Vehumet.
 33011 | Elf:1    | Lost mutation: Your pliable body absorbs attacks. (AC +2,
                  | EV +2) [Jiyva's grace]
 33011 | Elf:1    | Lost mutation: Armour fits poorly on your large pseudopods.
                  | [Jiyva's grace]
 33011 | Elf:1    | Gained mutation: Your melee attacks may engulf your foes in
                  | ooze. [Jiyva's grace]
 33011 | Elf:1    | Gained mutation: Your body has grown eyes which may confuse
                  | attackers. (Acc +3) [Jiyva's grace]
 33011 | Elf:1    | Gained mutation: Your body has grown many eyes which may
                  | confuse attackers. (Acc +5) [Jiyva's grace]
 33011 | Elf:1    | Gained mutation: Your body is covered in eyes which may
                  | confuse attackers. (Acc +7, SInv) [Jiyva's grace]
 33427 | Elf:2    | Found Yzeq's Antique Armour Shoppe.
 33433 | Elf:2    | Bought the +2 shield of Resistance {rF++ rC++ Will++} for
                  | 1903 gold pieces
 33433 | Elf:2    | Found the +2 shield of Resistance {rF++ rC++ Will++}
 33459 | Elf:2    | Found Wusapla's Gadget Gallery.
 33624 | Elf:2    | Found a runed translucent gate.
 33624 | Elf:2    | Found a runed translucent gate.
 33624 | Elf:2    | Found a runed translucent gate.
 33686 | Elf:2    | Noticed Fabaskic's ghost (journeyman FoFi)
 33692 | Elf:2    | Identified the +0 robe of Antique Satisfaction {Str+2}
 33710 | Elf:2    | Found a transporter.
 33771 | Elf:2    | Reached XP level 19. HP: 191/193 MP: 19/19
 33810 | Elf:2    | Found a transporter.
 33828 | Elf:2    | Reached skill level 10 in Throwing
 34631 | D:5      | Killed roninjake's ghost
 35142 | Elf:2    | Killed Fabaskic's ghost
 35143 | Elf:2    | Identified the +1 pair of gloves "Jeshomad" {Will++ rCorr
                  | SInv Stlth+}
 35439 | Vaults:1 | Entered Level 1 of the Vaults
 35684 | Vaults:1 | Lost mutation: You have a pair of large horns on your head.
                  | [Jiyva's grace]
 35684 | Vaults:1 | Lost mutation: Your body is covered in eyes which may
                  | confuse attackers. (Acc +7, SInv) [Jiyva's grace]
 35684 | Vaults:1 | Lost mutation: Your body has grown many eyes which may
                  | confuse attackers. (Acc +5) [Jiyva's grace]
 35684 | Vaults:1 | Lost mutation: You are covered in slimy tendrils that may
                  | disarm your opponents. [Jiyva's grace]
 35684 | Vaults:1 | Lost mutation: Your melee attacks may engulf your foes in
                  | ooze. [Jiyva's grace]
 35684 | Vaults:1 | Gained mutation: You have a pair of large horns on your
                  | head. [Jiyva's grace]
 35684 | Vaults:1 | Gained mutation: You are agile. (Dex +4, Str/Int -1)
                  | [Jiyva's grace]
 35684 | Vaults:1 | Gained mutation: You are very agile. (Dex +8, Str/Int -2)
                  | [Jiyva's grace]
 35684 | Vaults:1 | Gained mutation: You have large cloven feet. [Jiyva's
                  | grace]
 36447 | Vaults:1 | Found Hyest's Jewellery Boutique.
 36478 | Vaults:1 | Bought a +4 ring of slaying for 936 gold pieces
 36669 | Vaults:2 | Reached XP level 20. HP: 181/206 MP: 20/20
 37009 | Vaults:2 | Lost mutation: You have a pair of large horns on your head.
                  | [Jiyva's grace]
 37009 | Vaults:2 | Lost mutation: You are partially covered in large bone
                  | plates. (SH +4) [Jiyva's grace]
 37009 | Vaults:2 | Gained mutation: Your muscles are strong. (Str +4, Int/Dex
                  | -1) [Jiyva's grace]
 37009 | Vaults:2 | Gained mutation: Your muscles are very strong. (Str +8,
                  | Int/Dex -2) [Jiyva's grace]
 37009 | Vaults:2 | Gained mutation: Your mind is acute. (Int +4, Str/Dex -1)
                  | [Jiyva's grace]
 37009 | Vaults:2 | Gained mutation: Your mind is very acute. (Int +8, Str/Dex
                  | -2) [Jiyva's grace]
 37211 | Vaults:2 | Found Linibbeh's Armour Emporium.
 37740 | Vaults:3 | Found a flickering gateway to a bazaar.
 37745 | Bazaar   | Entered a bazaar
 37759 | Bazaar   | Found Ephalit Viru's Antique Armour Emporium.
 37759 | Bazaar   | Found Daxaniats's Antique Weapon Shoppe.
 37794 | Bazaar   | Found Ydiuwkiogh's Weapon Shoppe.
 37809 | Bazaar   | Found Miacege's Antique Weapon Emporium.
 38053 | Vaults:3 | You fall into a shaft and drop 1 floor!
 38054 | Vaults:4 | Killed Bediveer's ghost
 38186 | Vaults:4 | Noticed Boris
 38210 | Vaults:4 | Killed Boris
 38335 | Vaults:4 | Noticed Donald
 38340 | Vaults:4 | Killed Donald
 38890 | Vaults:3 | Lost mutation: Your muscles are very strong. (Str +8,
                  | Int/Dex -2) [Jiyva's grace]
 38890 | Vaults:3 | Gained mutation: You have a small jelly attached to you
                  | that may absorb projectiles. [Jiyva's grace]
 38890 | Vaults:3 | Gained mutation: You have hoof-like feet. [Jiyva's grace]
 38890 | Vaults:3 | Gained mutation: You have hooves in place of feet. [Jiyva's
                  | grace]
 38890 | Vaults:3 | Gained mutation: You are covered in slimy tendrils that may
                  | disarm your opponents. [Jiyva's grace]
 38900 | Vaults:3 | Reached XP level 21. HP: 186/222 MP: 21/21
 39140 | Vaults:3 | Found a staircase to the Crypt.
 39157 | Vaults:3 | Found Hais's Antique Weapon Shop.
 39654 | Vaults:4 | Reached skill level 27 in Fighting
 39718 | Vaults:4 | Reached skill level 1 in Dodging
 39722 | Vaults:4 | Found Xafe's General Store.
 39767 | Vaults:4 | Found a runed translucent gate.
 39767 | Vaults:4 | Found a runed translucent gate.
 39778 | Vaults:4 | Found a runed translucent gate.
 40100 | Vaults:4 | Found a viscous altar of Jiyva.
 40183 | Vaults:5 | Entered Level 5 of the Vaults
 40212 | Vaults:5 | Noticed a golden dragon
 40305 | Vaults:4 | Reached skill level 5 in Dodging
 40307 | Vaults:4 | Killed a golden dragon
 40587 | Vaults:5 | Identified the +5 falchion of the Coward {holy, rC+ Dex-4
                  | SInv}
 40605 | Vaults:5 | Noticed an ancient lich
 40631 | Vaults:5 | Killed an ancient lich
 40632 | Vaults:5 | Reached XP level 22. HP: 144/233 MP: 22/22
 40881 | Vaults:5 | Identified the +1 spear of Defence {vamp, *Slow rPois Str+8
                  | Dex+2}
 40913 | Vaults:5 | Identified the staff of death "Ibri" {rPois rC+ rN+}
 40958 | Vaults:5 | Noticed a golden dragon
 40970 | Vaults:5 | Killed a golden dragon
 41059 | Vaults:5 | Lost mutation: You have hooves in place of feet. [Jiyva's
                  | grace]
 41059 | Vaults:5 | Lost mutation: You are covered in slimy tendrils that may
                  | disarm your opponents. [Jiyva's grace]
 41059 | Vaults:5 | Gained mutation: You have a small jelly attached to you
                  | that senses nearby items. [Jiyva's grace]
 41059 | Vaults:5 | Gained mutation: Your muscles are very strong. (Str +8,
                  | Int/Dex -2) [Jiyva's grace]
 41059 | Vaults:5 | Gained mutation: Armour fits poorly on your large
                  | pseudopods. [Jiyva's grace]
 41059 | Vaults:5 | Gained mutation: Armour fits poorly on your massive
                  | pseudopods. [Jiyva's grace]
 41536 | Elf:2    | Bought a pair of glowing boots for 202 gold pieces
 42419 | Vaults:5 | Got the Grimoire of the Productive Damned
 42461 | Vaults:5 | Got a silver rune of Zot
 42501 | Vaults:5 | Identified the +2 leather armour of Wrong Decisions {rC++
                  | rN+++ Will- Dex+2}
 42784 | Depths:1 | Entered Level 1 of the Depths
 42823 | Depths:1 | Noticed Boris
 42836 | Depths:1 | Killed Boris
 42905 | Depths:1 | Noticed patfeehan111222's ghost (adept DsBe)
 42906 | Depths:1 | Found a runed translucent door.
 42943 | Depths:1 | Found a one-way gateway to a ziggurat.
 43003 | Depths:1 | Found Ykutzaarph's CLEARANCE SALE!.
 43007 | Depths:1 | Bought the +14 gold dragon scales of Responsibility {rElec
                  | rPois rF+ rC+ rN+ Regen+} for 996 gold pieces
 43137 | Depths:1 | Found a gateway to Hell.
 43555 | Depths:1 | Killed patfeehan111222's ghost
 43564 | Depths:1 | Identified the +0 hat of the Barnacled God {rN++}
 43573 | Depths:1 | Got Jorgrun's Codex of Quicksand
 43781 | Depths:2 | Reached skill level 10 in Dodging
 43787 | Depths:2 | Reached XP level 23. HP: 230/240 MP: 23/23
 43888 | Depths:2 | Found a magical portal.
 43894 | WizLab   | Entered The Hall of the Hellbinder
 44108 | WizLab   | Noticed Gatt
 44109 | WizLab   | Found a burning altar of Makhleb.
 44112 | WizLab   | Killed Gatt the Hellbinder
 44133 | WizLab   | Identified the ring of Xom's Malicious Joy {rPois Str-3
                  | Int+3 Dex+4}
 44160 | WizLab   | Got the Treatise on Summoning
 44327 | Depths:2 | Identified the scarf of Feyd {shadows, Str+4}
 44329 | Depths:2 | Identified the ring "Ihanaruucs" {Dex+3 SInv}
 44336 | Depths:2 | Got the Opusculum on Lava and Peregrination
 44383 | Depths:2 | Identified the +7 trident "Doosupoy" {elec, rF+ rN+ Int+2}
 44467 | Depths:2 | Noticed a golden dragon
 44479 | Depths:2 | Killed a golden dragon
 44497 | Depths:2 | Lost mutation: You have hoof-like feet. [Jiyva's grace]
 44497 | Depths:2 | Lost mutation: You have a pair of horns on your head.
                  | [Jiyva's grace]
 44497 | Depths:2 | Lost mutation: Your mind is very acute. (Int +8, Str/Dex
                  | -2) [Jiyva's grace]
 44497 | Depths:2 | Lost mutation: Your muscles are very strong. (Str +8,
                  | Int/Dex -2) [Jiyva's grace]
 44497 | Depths:2 | Gained mutation: Your melee attacks may engulf your foes in
                  | ooze. [Jiyva's grace]
 44497 | Depths:2 | Gained mutation: You are partially covered in iridescent
                  | scales. (AC +2) [Jiyva's grace]
 44497 | Depths:2 | Gained mutation: You are mostly covered in iridescent
                  | scales. (AC +4) [Jiyva's grace]
 44497 | Depths:2 | Gained mutation: You are completely covered in iridescent
                  | scales. (AC +6) [Jiyva's grace]
 44500 | Depths:2 | Found a one-way gate leading to the halls of Pandemonium.
 44742 | Depths:2 | Found Sisoejy's Jewellery Boutique.
 44955 | Depths:3 | Got Dyixohy's Tome of the Petrified Crevasse
 45198 | Depths:3 | Found a runed translucent gate.
 45198 | Depths:3 | Found a runed translucent gate.
 45200 | Depths:3 | Found a runed translucent gate.
 45202 | Depths:3 | Noticed Cagrigri's ghost (adept TrMo)
 45226 | Depths:3 | Killed Cagrigri's ghost
 45290 | Depths:3 | Noticed a golden dragon
 45290 | Depths:3 | Noticed a golden dragon
 45296 | Depths:3 | Killed a golden dragon
 45302 | Depths:3 | Killed a golden dragon
 45799 | Depths:3 | Identified the +9 hand axe "Foloc" {freeze, rPois}
 45833 | Depths:3 | Found a one-way gate to the infinite horrors of the Abyss.
 45959 | Depths:3 | Found a white marble altar of Elyvilon.
 45959 | Depths:3 | Found a glowing silver altar of Zin.
 45959 | Depths:3 | Found a glowing golden altar of the Shining One.
 46156 | Depths:4 | Entered Level 4 of the Depths
 46166 | Depths:4 | Reached XP level 24. HP: 249/249 MP: 23/23
 46564 | Depths:4 | Reached skill level 27 in Armour
 46711 | Depths:4 | Lost mutation: You are completely covered in iridescent
                  | scales. (AC +6) [Jiyva's grace]
 46711 | Depths:4 | Lost mutation: Your muscles are strong. (Str +4, Int/Dex
                  | -1) [Jiyva's grace]
 46711 | Depths:4 | Lost mutation: Your body has grown eyes which may confuse
                  | attackers. (Acc +3) [Jiyva's grace]
 46711 | Depths:4 | Lost mutation: Armour fits poorly on your massive
                  | pseudopods. [Jiyva's grace]
 46711 | Depths:4 | Lost mutation: You have a small jelly attached to you that
                  | senses nearby items. [Jiyva's grace]
 46711 | Depths:4 | Gained mutation: You have a somewhat thin skeletal
                  | structure. (Dex +2, Stealth+) [Jiyva's grace]
 46711 | Depths:4 | Gained mutation: You have a moderately thin skeletal
                  | structure. (Dex +4, Stealth++) [Jiyva's grace]
 46711 | Depths:4 | Gained mutation: You have an unnaturally thin skeletal
                  | structure. (Dex +6, Stealth+++) [Jiyva's grace]
 46711 | Depths:4 | Gained mutation: You have very sharp teeth. [Jiyva's grace]
 46915 | Depths:4 | Found a gate to the Realm of Zot.
 47359 | Crypt:1  | Entered Level 1 of the Crypt
 47496 | Crypt:1  | Noticed Boris
 47512 | Crypt:1  | Killed Boris
 48195 | Crypt:2  | Noticed Jory
 48208 | Crypt:2  | Killed Jory
 48329 | Crypt:2  | Reached XP level 25. HP: 243/257 MP: 23/23
 48466 | Crypt:2  | Found a runed translucent gate.
 48466 | Crypt:2  | Found a runed translucent gate.
 48466 | Crypt:2  | Found a runed translucent gate.
 48481 | Crypt:2  | Noticed Foapeaxo's ghost (veteran HOMo)
 48481 | Crypt:2  | Noticed Uroast's ghost (veteran MiGl)
 48962 | Crypt:2  | Killed Foapeaxo's ghost
 48992 | Crypt:2  | Killed Uroast's ghost
 49059 | Crypt:3  | Entered Level 3 of the Crypt
 49063 | Crypt:3  | Noticed Vv
 49105 | Crypt:2  | Killed Vv
 49381 | Crypt:3  | Found a basalt altar of Yredelemnul.
 49468 | Crypt:3  | Lost mutation: You have very sharp teeth. [Jiyva's grace]
 49468 | Crypt:3  | Lost mutation: You have an unnaturally thin skeletal
                  | structure. (Dex +6, Stealth+++) [Jiyva's grace]
 49468 | Crypt:3  | Lost mutation: You are very agile. (Dex +8, Str/Int -2)
                  | [Jiyva's grace]
 49468 | Crypt:3  | Lost mutation: Your mind is acute. (Int +4, Str/Dex -1)
                  | [Jiyva's grace]
 49468 | Crypt:3  | Lost mutation: You have a small jelly attached to you that
                  | may absorb projectiles. [Jiyva's grace]
 49468 | Crypt:3  | Gained mutation: You are completely covered in iridescent
                  | scales. (AC +6) [Jiyva's grace]
 49468 | Crypt:3  | Gained mutation: You are partially covered in large bone
                  | plates. (SH +4) [Jiyva's grace]
 49468 | Crypt:3  | Gained mutation: You are mostly covered in large bone
                  | plates. (SH +6) [Jiyva's grace]
 49468 | Crypt:3  | Gained mutation: You are completely covered in large bone
                  | plates. (SH +8) [Jiyva's grace]
 49518 | Crypt:3  | Found a staircase to the Tomb.
 49626 | Crypt:3  | Identified the staff of poison "Fiveemaj" {rElec rPois
                  | rCorr Int+3 Dex-4}
 49711 | Crypt:3  | Noticed Zenata
 49724 | Crypt:3  | Killed Zenata
 50156 | Crypt:3  | Identified the staff of death "Wica" {rC- rN+ Str+3 Int+5}
 50687 | Depths:3 | Voluntarily entered the Abyss.
 50780 | Abyss:3  | Found a corrupted altar of Lugonu.
 50849 | Abyss:4  | Found a corrupted altar of Lugonu.
 50920 | Abyss:4  | Found a corrupted altar of Lugonu.
 51087 | Abyss:4  | Found a corrupted altar of Lugonu.
 51164 | Abyss:4  | Found a corrupted altar of Lugonu.
 51215 | Abyss:4  | Reached XP level 26. HP: 266/266 MP: 23/23
 51301 | Abyss:4  | Lost mutation: You have a pair of small horns on your head.
                  | [Jiyva's grace]
 51301 | Abyss:4  | Lost mutation: You are completely covered in iridescent
                  | scales. (AC +6) [Jiyva's grace]
 51301 | Abyss:4  | Lost mutation: You have a moderately thin skeletal
                  | structure. (Dex +4, Stealth++) [Jiyva's grace]
 51301 | Abyss:4  | Lost mutation: Armour fits poorly on your large pseudopods.
                  | [Jiyva's grace]
 51301 | Abyss:4  | Gained mutation: You have hoof-like feet. [Jiyva's grace]
 51301 | Abyss:4  | Gained mutation: You have hooves in place of feet. [Jiyva's
                  | grace]
 51301 | Abyss:4  | Gained mutation: You have acidic saliva. [Jiyva's grace]
 51301 | Abyss:4  | Gained mutation: You have a pair of small horns on your
                  | head. [Jiyva's grace]
 51467 | Abyss:4  | Paralysed by accursed screaming for 1 turns
 51477 | Abyss:4  | Paralysed by accursed screaming for 2 turns
 51485 | Abyss:4  | Gained mutation: You occasionally lose the ability to read
                  | scrolls when taking damage. [a cacodemon]
 51515 | Abyss:4  | Paralysed by accursed screaming for 2 turns
 51521 | Abyss:4  | Got an abyssal rune of Zot
 51543 | Depths:3 | Escaped the Abyss
 51895 | Tomb:1   | Entered Level 1 of the Tomb of the Ancients
 52292 | Tomb:1   | Noticed a royal mummy
 52317 | Tomb:1   | Killed a royal mummy
 52415 | Tomb:1   | Noticed a royal mummy
 52655 | Tomb:1   | Noticed a royal mummy
 52665 | Tomb:1   | Killed a royal mummy
 52675 | Tomb:1   | Identified the staff of earth "Milojaojeo" {Will- Int+10
                  | Dex+2}
 52821 | Tomb:1   | Killed a royal mummy
 53398 | Elf:3    | Entered Level 3 of the Elven Halls
 53522 | Elf:3    | Found a runed translucent gate.
 53522 | Elf:3    | Found a runed translucent gate.
 53522 | Elf:3    | Found a runed translucent gate.
 53525 | Elf:3    | Noticed themarg's ghost (adept MfSu)
 53525 | Elf:3    | Noticed leviel's ghost (adept HOFi)
 53658 | Elf:3    | Lost mutation: You have a pair of small horns on your head.
                  | [Jiyva's grace]
 53658 | Elf:3    | Lost mutation: You are mostly covered in iridescent scales.
                  | (AC +4) [Jiyva's grace]
 53658 | Elf:3    | Lost mutation: You are partially covered in iridescent
                  | scales. (AC +2) [Jiyva's grace]
 53658 | Elf:3    | Lost mutation: You have acidic saliva. [Jiyva's grace]
 53658 | Elf:3    | Lost mutation: Your rubbery body absorbs attacks. (AC +1,
                  | EV +1) [Jiyva's grace]
 53658 | Elf:3    | Lost mutation: Armour fits poorly on your pseudopods.
                  | [Jiyva's grace]
 53658 | Elf:3    | Gained mutation: You have acidic saliva. [Jiyva's grace]
 53658 | Elf:3    | Gained mutation: Your flesh is cold resistant. (rC+)
                  | [Jiyva's grace]
 53658 | Elf:3    | Gained mutation: Your flesh is very cold resistant. (rC++)
                  | [Jiyva's grace]
 53658 | Elf:3    | Gained mutation: Your flesh is almost immune to the effects
                  | of cold. (rC+++) [Jiyva's grace]
 53754 | Elf:3    | Identified the +5 ring mail of Maph {rPois Str+2}
 53787 | Elf:3    | Identified the +8 trident of Insomnia {flame, Stlth+}
 53821 | Elf:3    | Identified the +1 leather armour of the Villain {rElec}
 53849 | Elf:3    | Identified the +7 battleaxe of Abomination {drain, rN+
                  | Int-4 Dex+3}
 53860 | Elf:3    | Acquired 896 gold pieces
 53954 | Elf:3    | Identified the staff of air "Cuwutod" {Fragile rElec rCorr
                  | Int+5}
 53956 | Elf:3    | Identified the +17 crystal plate armour of the Lair of
                  | Beasts {*Slow rElec Int+5}
 53987 | Elf:3    | Identified the staff of cold "Zoer" {rC+ Str+3 Dex+5
                  | Stlth+}
 54325 | Elf:3    | Killed themarg's ghost
 54340 | Elf:3    | Killed leviel's ghost
 54760 | Zot:1    | Entered Level 1 of the Realm of Zot
 54959 | Zot:1    | Reached XP level 27. HP: 273/273 MP: 0/23
 55487 | Zot:2    | Found a transporter.
 55585 | Zot:2    | Noticed an orb of fire
 55596 | Zot:2    | Lost mutation: Your melee attacks may engulf your foes in
                  | ooze. [an orb of fire]
 55606 | Zot:2    | Killed an orb of fire
 55720 | Zot:2    | Reached skill level 27 in Axes
 55770 | Zot:2    | Found a transporter.
 55805 | Zot:2    | Found a transporter.
 56339 | Zot:2    | Found a transporter.
 56485 | Zot:3    | Reached skill level 27 in Shields
 56498 | Zot:3    | HP: 7/273 [white draconian/+0 trident (16)]
 56655 | Zot:3    | Found a radiant altar of Vehumet.
 56831 | Zot:3    | Lost mutation: You have hooves in place of feet. [Jiyva's
                  | grace]
 56831 | Zot:3    | Lost mutation: Your flesh is almost immune to the effects
                  | of cold. (rC+++) [Jiyva's grace]
 56831 | Zot:3    | Lost mutation: You have acidic saliva. [Jiyva's grace]
 56831 | Zot:3    | Gained mutation: Your body has grown eyes which may confuse
                  | attackers. (Acc +3) [Jiyva's grace]
 56831 | Zot:3    | Gained mutation: Your body has grown many eyes which may
                  | confuse attackers. (Acc +5) [Jiyva's grace]
 56831 | Zot:3    | Gained mutation: Your body is covered in eyes which may
                  | confuse attackers. (Acc +7, SInv) [Jiyva's grace]
 56831 | Zot:3    | Gained mutation: You are covered in slimy tendrils that may
                  | disarm your opponents. [Jiyva's grace]
 57025 | Zot:3    | Lost mutation: You are covered in slimy tendrils that may
                  | disarm your opponents. [potion of mutation]
 57025 | Zot:3    | Lost mutation: You occasionally lose the ability to read
                  | scrolls when taking damage. [potion of mutation]
 57025 | Zot:3    | Lost mutation: You have hoof-like feet. [potion of
                  | mutation]
 57025 | Zot:3    | Gained mutation: Your muscles are strong. (Str +4, Int/Dex
                  | -1) [potion of mutation]
 57025 | Zot:3    | Gained mutation: You have a pair of small antennae on your
                  | head. [potion of mutation]
 57751 | Zot:4    | Noticed Grunn
 57761 | Zot:4    | Killed Grunn
 58199 | Zot:5    | Entered Level 5 of the Realm of Zot
 58339 | Zot:5    | Identified the amulet of Hoym {Faith Harm Str+3 Int+3}
 58568 | Zot:5    | Lost mutation: You have large cloven feet. [Jiyva's grace]
 58568 | Zot:5    | Lost mutation: You have a somewhat thin skeletal structure.
                  | (Dex +2, Stealth+) [Jiyva's grace]
 58568 | Zot:5    | Lost mutation: Your flesh is very cold resistant. (rC++)
                  | [Jiyva's grace]
 58568 | Zot:5    | Lost mutation: Your body is covered in eyes which may
                  | confuse attackers. (Acc +7, SInv) [Jiyva's grace]
 58568 | Zot:5    | Gained mutation: You have a small jelly attached to you
                  | that may absorb projectiles. [Jiyva's grace]
 58568 | Zot:5    | Gained mutation: Your muscles are very strong. (Str +8,
                  | Int/Dex -2) [Jiyva's grace]
 58568 | Zot:5    | Gained mutation: You are resistant to electric shocks.
                  | (rElec) [Jiyva's grace]
 58568 | Zot:5    | Gained mutation: You have acidic saliva. [Jiyva's grace]
 58622 | Zot:5    | Noticed a dread lich
 58630 | Zot:5    | Killed a dread lich
 58638 | Zot:5    | Noticed an orb of fire
 58639 | Zot:5    | Noticed an ancient lich
 58649 | Zot:5    | Lost mutation: Your flesh is cold resistant. (rC+) [an orb
                  | of fire]
 58657 | Zot:5    | Killed an orb of fire
 58669 | Zot:5    | Killed an ancient lich
 58670 | Zot:5    | Reached skill level 15 in Dodging
 58672 | Zot:5    | Noticed an orb of fire
 58690 | Zot:5    | Killed an orb of fire
 58751 | Zot:5    | Noticed an ancient lich
 58763 | Zot:5    | Noticed an orb of fire
 58764 | Zot:5    | Killed an ancient lich
 58789 | Zot:5    | Killed an orb of fire
 58886 | Zot:5    | Noticed an orb of fire
 58900 | Zot:5    | Gained mutation: Your magical capacity is low. (-10% MP)
                  | [an orb of fire]
 58907 | Zot:5    | Killed an orb of fire
 58908 | Zot:5    | Noticed a dread lich
 58924 | Zot:5    | Killed a dread lich
 59643 | Hell     | Entered the Vestibule of Hell
 59643 | Hell     | Noticed Geryon
 60630 | Hell     | Killed Geryon
 60662 | Hell     | Found a gateway to the decaying netherworld of Tartarus.
 60682 | Hell     | Found a gateway to the freezing wastes of Cocytus.
 60746 | Hell     | Found a gateway to the ashen valley of Gehenna.
 60842 | Hell     | Found a gateway to the Iron City of Dis.
 61012 | Tar:1    | Entered Level 1 of Tartarus
 61142 | Tar:2    | Lost mutation: You are completely covered in large bone
                  | plates. (SH +8) [Jiyva's grace]
 61142 | Tar:2    | Lost mutation: Your magical capacity is low. (-10% MP)
                  | [Jiyva's grace]
 61142 | Tar:2    | Lost mutation: You are strong-willed. (Will+) [Jiyva's
                  | grace]
 61142 | Tar:2    | Lost mutation: You are resistant to electric shocks.
                  | (rElec) [Jiyva's grace]
 61142 | Tar:2    | Lost mutation: Your muscles are very strong. (Str +8,
                  | Int/Dex -2) [Jiyva's grace]
 61142 | Tar:2    | Lost mutation: You have acidic saliva. [Jiyva's grace]
 61142 | Tar:2    | Lost mutation: Your body has grown many eyes which may
                  | confuse attackers. (Acc +5) [Jiyva's grace]
 61142 | Tar:2    | Lost mutation: Your body has grown eyes which may confuse
                  | attackers. (Acc +3) [Jiyva's grace]
 61142 | Tar:2    | Lost mutation: You have a small jelly attached to you that
                  | may absorb projectiles. [Jiyva's grace]
 61142 | Tar:2    | Gained mutation: You are robust. (+10% HP) [Jiyva's grace]
 61142 | Tar:2    | Gained mutation: You are very robust. (+20% HP) [Jiyva's
                  | grace]
 61142 | Tar:2    | Gained mutation: You are extremely robust. (+30% HP)
                  | [Jiyva's grace]
 61142 | Tar:2    | Gained mutation: Armour fits poorly on your pseudopods.
                  | [Jiyva's grace]
 61160 | Tar:3    | Noticed an ancient lich
 61195 | Tar:3    | Killed an ancient lich
 61495 | Tar:4    | Noticed a dread lich
 61539 | Tar:5    | HP: 16/354 [??? (6)]
 61669 | Coc:1    | Entered Level 1 of Cocytus
 61740 | Coc:2    | Paralysed by a wendigo for 1 turns
 61792 | Coc:2    | Paralysed by a wendigo for 1 turns
 61802 | Coc:2    | Paralysed by a wendigo for 1 turns
 62174 | Geh:1    | Entered Level 1 of Gehenna
 62293 | Dis:1    | Entered Level 1 of the Iron City of Dis
 63308 | Dis:5    | You fall into a shaft and drop 1 floor!
 63340 | Dis:7    | Entered Level 7 of the Iron City of Dis
 63422 | Dis:7    | Reached skill level 1 in Stealth
 63578 | Dis:7    | Lost mutation: You are mostly covered in large bone plates.
                  | (SH +6) [Jiyva's grace]
 63578 | Dis:7    | Lost mutation: You are extremely robust. (+30% HP) [Jiyva's
                  | grace]
 63578 | Dis:7    | Gained mutation: Your spells are a little harder to cast,
                  | but a little more powerful. [Jiyva's grace]
 63578 | Dis:7    | Gained mutation: Your spells are harder to cast, but more
                  | powerful. [Jiyva's grace]
 63578 | Dis:7    | Gained mutation: Your spells are much harder to cast, but
                  | much more powerful. [Jiyva's grace]
 63578 | Dis:7    | Gained mutation: You have sharp toenails. [Jiyva's grace]
 64544 | Dis:7    | Reached skill level 5 in Stealth
 64704 | Dis:7    | Identified the +9 hand axe "Neollob" {antimagic, rCorr
                  | Dex+2}
 64744 | Dis:7    | Got the Writings on the Salamander
 64968 | Dis:7    | Identified the +9 trident "Qeinuny" {freeze, rElec rPois
                  | Stlth+}
 65086 | Dis:7    | Identified the +9 hand axe of the Majestic God {heavy,
                  | rElec rPois rCorr MP+9}
 65303 | Dis:7    | Noticed Dispater
 65615 | Dis:7    | Identified the +1 demon blade "Etseven" {vamp, +Blink
                  | Str+4}
 65617 | Dis:7    | Got an iron rune of Zot
 65622 | Dis:7    | Identified the +0 scale mail of Compression {Drain rPois
                  | rCorr}
 65966 | Pan      | Entered Pandemonium
 65996 | Pan      | Acquired a manual of Evocations
 66035 | Pan      | Reached skill level 1 in Evocations
 66220 | Pan      | Noticed Irifext the pandemonium lord
 66243 | Pan      | Killed Irifext the pandemonium lord
 66258 | Pan      | Got a demonic rune of Zot
 66614 | Pan      | Lost mutation: You have sharp toenails. [Jiyva's grace]
 66614 | Pan      | Gained mutation: You are partially covered in iridescent
                  | scales. (AC +2) [Jiyva's grace]
 66614 | Pan      | Gained mutation: You are mostly covered in iridescent
                  | scales. (AC +4) [Jiyva's grace]
 66614 | Pan      | Gained mutation: You are completely covered in iridescent
                  | scales. (AC +6) [Jiyva's grace]
 66614 | Pan      | Gained mutation: Your body has grown eyes which may confuse
                  | attackers. (Acc +3) [Jiyva's grace]
 67122 | Pan      | Found an exit through the horrors of the Abyss.
 67303 | Pan      | Reached skill level 5 in Evocations
 67608 | Pan      | Noticed Perady Zamuy the pandemonium lord
 67628 | Pan      | Killed Perady Zamuy the pandemonium lord
 67784 | Pan      | Identified the ring of Darkness {rPois SInv}
 68178 | Pan      | Identified the +8 scale mail "Olus" {Int+2 Dex-2 SInv}
 68286 | Pan      | Noticed Dunnuy the pandemonium lord
 68299 | Pan      | Killed Dunnuy the pandemonium lord
 68300 | Pan      | Reached skill level 10 in Stealth
 68776 | Pan      | Entered the realm of Mnoleg.
 68842 | Pan      | Identified the +0 scale mail of Ru, Nurturing {Will+ Dex+2}
 68862 | Pan      | Lost mutation: Your muscles are strong. (Str +4, Int/Dex
                  | -1) [a neqoxec]
 68922 | Pan      | Lost mutation: You are very robust. (+20% HP) [a cacodemon]
 68968 | Pan      | Noticed Mnoleg
 69011 | Pan      | Gained mutation: You occasionally lose the ability to read
                  | scrolls when taking damage. [Mnoleg's mutagenic touch]
 69030 | Pan      | Killed Mnoleg
 69094 | Pan      | Got a glowing rune of Zot
 69142 | Pan      | Gained mutation: Your body sometimes deteriorates upon
                  | taking damage. [a neqoxec]
 69312 | Pan      | Gained mutation: Your body often deteriorates upon taking
                  | damage. [a cacodemon]
 69387 | Pan      | Gained mutation: You occasionally lose the ability to drink
                  | potions when taking damage. [a cacodemon]
 69611 | Pan      | Identified the +7 dagger of Siriudu {heavy, Int+2 Stlth+}
 69788 | Pan      | Reached skill level 10 in Evocations
 70435 | Pan      | Lost mutation: Your body often deteriorates upon taking
                  | damage. [Jiyva's grace]
 70435 | Pan      | Lost mutation: You are robust. (+10% HP) [Jiyva's grace]
 70435 | Pan      | Lost mutation: Your body has grown eyes which may confuse
                  | attackers. (Acc +3) [Jiyva's grace]
 70435 | Pan      | Lost mutation: You occasionally lose the ability to drink
                  | potions when taking damage. [Jiyva's grace]
 70435 | Pan      | Lost mutation: You occasionally lose the ability to read
                  | scrolls when taking damage. [Jiyva's grace]
 70435 | Pan      | Gained mutation: Your movements are slightly less
                  | encumbered by armour. (ER -2) [Jiyva's grace]
 70435 | Pan      | Gained mutation: Your movements are less encumbered by
                  | armour. (ER -4) [Jiyva's grace]
 70435 | Pan      | Gained mutation: Your movements are significantly less
                  | encumbered by armour. (ER -6) [Jiyva's grace]
 70435 | Pan      | Gained mutation: You are very agile. (Dex +8, Str/Int -2)
                  | [Jiyva's grace]
 70436 | Pan      | Lost mutation: You are partially covered in large bone
                  | plates. (SH +4) [potion of mutation]
 70436 | Pan      | Lost mutation: Your body sometimes deteriorates upon taking
                  | damage. [potion of mutation]
 70436 | Pan      | Gained mutation: Your magical capacity is low. (-10% MP)
                  | [potion of mutation]
 70436 | Pan      | Gained mutation: Your muscles are strong. (Str +4, Int/Dex
                  | -1) [potion of mutation]
 70454 | Pan      | Found an exit through the horrors of the Abyss.
 70488 | Pan      | Found a huge runed translucent gate.
 70495 | Pan      | Found a huge runed translucent gate.
 70496 | Pan      | Found a huge runed translucent gate.
 70496 | Pan      | Found a huge runed translucent gate.
 70496 | Pan      | Found a huge runed translucent gate.
 70496 | Pan      | Found a huge runed translucent gate.
 70498 | Pan      | Found a huge runed translucent gate.
 70503 | Pan      | Identified the +8 chain mail of Perfidy {rF+ Will- Int+3}
 70758 | Pan      | Noticed Fiareaqe the pandemonium lord
 70799 | Pan      | Killed Fiareaqe the pandemonium lord
 70920 | Pan      | Found a runed translucent door.
 70951 | Pan      | Found a runed translucent door.
 70959 | Pan      | Found a runed translucent door.
 71046 | Pan      | Found a runed translucent door.
 71276 | Pan      | Noticed Sigoc the pandemonium lord
 71294 | Pan      | Killed Sigoc the pandemonium lord
 71453 | Pan      | Noticed Uzxuwki the pandemonium lord
 71465 | Pan      | Killed Uzxuwki the pandemonium lord
 71751 | Pan      | Found an exit through the horrors of the Abyss.
 72303 | Pan      | Gained mutation: Your body sometimes deteriorates upon
                  | taking damage. [a neqoxec]
 72325 | Pan      | Found an exit through the horrors of the Abyss.
 72417 | Pan      | Entered the realm of Cerebov.
 72476 | Pan      | Found the +6 sword of Cerebov {flame}
 72476 | Pan      | Noticed Cerebov
 72529 | Pan      | Killed Cerebov
 72642 | Pan      | Got a fiery rune of Zot
 72670 | Pan      | Got the Notes on the Entourage
 72706 | Pan      | Identified the +4 pair of boots of Gallantry {rC+}
 72859 | Pan      | Lost mutation: You are completely covered in iridescent
                  | scales. (AC +6) [Jiyva's grace]
 72859 | Pan      | Lost mutation: Your body sometimes deteriorates upon taking
                  | damage. [Jiyva's grace]
 72859 | Pan      | Lost mutation: Your spells are much harder to cast, but
                  | much more powerful. [Jiyva's grace]
 72859 | Pan      | Lost mutation: Your movements are significantly less
                  | encumbered by armour. (ER -6) [Jiyva's grace]
 72859 | Pan      | Gained mutation: You possess an exceptional clarity of
                  | mind. [Jiyva's grace]
 72859 | Pan      | Gained mutation: Your rubbery body absorbs attacks. (AC +1,
                  | EV +1) [Jiyva's grace]
 72859 | Pan      | Gained mutation: Your pliable body absorbs attacks. (AC +2,
                  | EV +2) [Jiyva's grace]
 72859 | Pan      | Gained mutation: Your gelatinous body deflects attacks. (AC
                  | +3, EV +3) [Jiyva's grace]
 72952 | Pan      | Identified the +6 short sword of Intimidation {heavy,
                  | Will++}
 73257 | Pan      | Identified the +8 war axe of Peril {protect, +Blink Fly
                  | rPois Str-5}
 73268 | Pan      | Identified the +3 dagger "Engup" {drain, rN+ Stlth+}
 73367 | Pan      | Identified the +3 spear of the Modern Teeth {drain, rN+
                  | Dex+2}
 73369 | Pan      | Identified the +3 broad axe "Hilurops" {drain, rF++ rN+}
 73376 | Pan      | Identified the ring "Huistral" {Int+6 Stlth+}
 73753 | Pan      | Reached skill level 15 in Stealth
 74442 | Pan      | Lost mutation: You are very agile. (Dex +8, Str/Int -2)
                  | [Jiyva's grace]
 74442 | Pan      | Lost mutation: You are agile. (Dex +4, Str/Int -1) [Jiyva's
                  | grace]
 74442 | Pan      | Lost mutation: Your magical capacity is low. (-10% MP)
                  | [Jiyva's grace]
 74442 | Pan      | Lost mutation: Your movements are less encumbered by
                  | armour. (ER -4) [Jiyva's grace]
 74442 | Pan      | Gained mutation: You are covered in slimy tendrils that may
                  | disarm your opponents. [Jiyva's grace]
 74442 | Pan      | Gained mutation: Your melee attacks may engulf your foes in
                  | ooze. [Jiyva's grace]
 74442 | Pan      | Gained mutation: You have a pair of antennae on your head.
                  | [Jiyva's grace]
 74442 | Pan      | Gained mutation: You have a pair of large antennae on your
                  | head. (SInv) [Jiyva's grace]
 74530 | Pan      | Noticed Duedwyig the pandemonium lord
 74538 | Pan      | Found an exit through the horrors of the Abyss.
 74547 | Pan      | Took an exit into the Abyss.
 74547 | Abyss:4  | Escaped into the Abyss
 74624 | Depths:2 | Escaped the Abyss
 74631 | Pan      | Entered Pandemonium
 74645 | Pan      | Noticed Yhonueje the pandemonium lord
 74663 | Pan      | Killed Yhonueje the pandemonium lord
 74894 | Pan      | Found an exit through the horrors of the Abyss.
 75456 | Pan      | Entered the realm of Gloorx Vloq.
 75515 | Pan      | Lost mutation: You have a pair of large antennae on your
                  | head. (SInv) [Jiyva's grace]
 75515 | Pan      | Lost mutation: You have a pair of antennae on your head.
                  | [Jiyva's grace]
 75515 | Pan      | Lost mutation: Your muscles are strong. (Str +4, Int/Dex
                  | -1) [Jiyva's grace]
 75515 | Pan      | Lost mutation: Your spells are harder to cast, but more
                  | powerful. [Jiyva's grace]
 75515 | Pan      | Lost mutation: Your gelatinous body deflects attacks. (AC
                  | +3, EV +3) [Jiyva's grace]
 75515 | Pan      | Lost mutation: You are covered in slimy tendrils that may
                  | disarm your opponents. [Jiyva's grace]
 75515 | Pan      | Gained mutation: You are covered in fur. (AC +1) [Jiyva's
                  | grace]
 75515 | Pan      | Gained mutation: You are covered in thick fur. (AC +2)
                  | [Jiyva's grace]
 75515 | Pan      | Gained mutation: Your thick and shaggy fur keeps you warm.
                  | (AC +3, rC+) [Jiyva's grace]
 75515 | Pan      | Gained mutation: You have an increased reservoir of magic.
                  | (+10% MP) [Jiyva's grace]
 76309 | Pan      | Noticed Gloorx Vloq
 76775 | Pan      | Killed Gloorx Vloq
 76855 | Pan      | Got a dark rune of Zot
 77022 | Pan      | Noticed Mennas
 77042 | Pan      | Killed Mennas
 77074 | Pan      | Found an exit through the horrors of the Abyss.
 77478 | Pan      | Noticed Qefaqa Tudi the pandemonium lord
 77490 | Pan      | Gained mutation: You do not regenerate when monsters are
                  | visible. [mutagenic glow]
 77501 | Pan      | Gained mutation: You occasionally lose the ability to read
                  | scrolls when taking damage. [a cacodemon]
 77514 | Pan      | Gained mutation: You are frail. (-10% HP) [mutagenic glow]
 77515 | Pan      | Killed Qefaqa Tudi the pandemonium lord
 77545 | Pan      | Gained mutation: Armour fits poorly on your strangely
                  | shaped body. [mutagenic glow]
 77556 | Pan      | Gained mutation: Your body sometimes deteriorates upon
                  | taking damage. [mutagenic glow]
 77557 | Pan      | Lost mutation: Armour fits poorly on your strangely shaped
                  | body. [potion of mutation]
 77557 | Pan      | Lost mutation: You have a pair of small antennae on your
                  | head. [potion of mutation]
 77557 | Pan      | Lost mutation: You do not regenerate when monsters are
                  | visible. [potion of mutation]
 77557 | Pan      | Lost mutation: Your spells are a little harder to cast, but
                  | a little more powerful. [potion of mutation]
 77558 | Pan      | Lost mutation: You are frail. (-10% HP) [potion of
                  | mutation]
 77558 | Pan      | Lost mutation: Your melee attacks may engulf your foes in
                  | ooze. [potion of mutation]
 77558 | Pan      | Lost mutation: Armour fits poorly on your pseudopods.
                  | [potion of mutation]
 77558 | Pan      | Lost mutation: You are mostly covered in iridescent scales.
                  | (AC +4) [potion of mutation]
 77558 | Pan      | Gained mutation: Your system is resistant to poisons.
                  | (rPois) [potion of mutation]
 77558 | Pan      | Gained mutation: You expend magic power (3 MP) to
                  | strengthen your wands. [potion of mutation]
 77593 | Pan      | Gained mutation: You are vulnerable to cold. (rC-)
                  | [mutagenic glow]
 77612 | Pan      | Gained mutation: You are dopey. (Int -2) [mutagenic glow]
 77622 | Pan      | Found a runed translucent door.
 77623 | Pan      | Gained mutation: You are weak. (Str -2) [mutagenic glow]
 77800 | Pan      | Took an exit into the Abyss.
 77800 | Abyss:4  | Escaped into the Abyss
 77805 | Depths:2 | Escaped the Abyss
 78051 | Zot:5    | Got the Orb of Zot
 78102 | Zot:5    | Noticed Balot the pandemonium lord
 78111 | Zot:5    | Killed Balot the pandemonium lord
 78354 | D:15     | Noticed Gubraox the pandemonium lord
 78354 | D:15     | Noticed an ancient lich
 79286 | D:$      | Escaped with the Orb!

Illustrated notes

Levels and vault maps discovered:
D:1:      amcnicky_arrival_flooded_fountain, layout_basic, dk_noncrumbling_3
D:2:      layout_basic, minmay_pentomino_r2, uniq_jessica,
          uniq_crazy_yiuf_cottage
D:3:      layout_loops_corners, nicolae_overflow_hallway_of_the_gods,
          mainiacjoe_overflow_six_doors_small,
          ebering_ecumenical_altar_abandoned, uniq_terence, uniq_robin,
          uniq_grinder
D:4:      layout_gridville, okawaru_metal_pillars_1_2,
          nicolae_inconvenience_store, serial_park_tiny_1, guppyfry_shop_venom,
          uniq_eustachio, uniq_menkaure
D:5:      layout_cave_pools, nicolae_overflow_crystal_walls,
          overflow_temple_1_default, gammafunk_ghost_grave,
          kennysheep_decorative_pillar, uniq_prince_ribbit1, uniq_pikel
D:6:      corexii_shack_village, layout_layer_cave
D:7:      layout_basic, nzn_overflow_gifts_of_might_and_magic,
          lemuel_coloured_pillars_altar, kb_xom_exploding_sheep,
          mainiacjoe_overflow_tiny_flanked, minmay_temple_entry_enclosed_plants,
          enter_bailey_6
D:8:      layout_basic
D:9:      kennysheep_big_flooded_room, layout_loops_ring,
          ashenzari_conservatory_becter, lemuel_doored_altar,
          gammafunk_temple_overflow_pools
D:10:     layout_loops_ring, kennysheep_little_box, dpeg_lair_monsters,
          reono_crystal_passage
D:11:     layout_basic, serial_shops, nicolae_shop_hallway_stairs, serial_ice,
          serial_ice_l, serial_ice_e, serial_ice_h, serial_ice_o,
          portal_ice_cave_entry_pillars_1, nicolae_diode_stairs
D:12:     layout_gridville, nicolae_gozag_zags_fifth_avenue, uniq_lodul
D:13:     layout_stronghold, ximxim_vaults_locker_room, uniq_sonja, uniq_snorg,
          uniq_maurice, uniq_erolcha
D:14:     layout_roguey, nicolae_titane, uniq_roxanne
D:15:     gammafunk_depths_entry_grave, layout_gridville,
          nicolae_tso_swordbearing_angel, serial_glass, glass_columns_b,
          glass_columns_b, minmay_misc_feat_secret_circle
Lair:1:   layout_cave_pods, special_room [special_room_bee],
          infiniplex_staircase_pool
Lair:2:   layout_regular_city, nicolae_spider_entry_orb_guardian,
          infiniplex_staircase_pool_2
Lair:3:   layout_gridlike, swamp_mist_pool, nicolae_quartered_pool_impasse
Lair:4:   nzn_winding_woodlands_large [nzn_winding_woodlands_5x5_checkerboard,
          nzn_winding_woodlands_5x15_zeroes,
          nzn_winding_woodlands_5x5_open_star,
          nzn_winding_woodlands_center_pierced_h,
          nzn_winding_woodlands_15x15_eel_pit,
          nzn_winding_woodlands_center_triple_pond,
          nzn_winding_woodlands_5x5_closed_star,
          nzn_winding_woodlands_5x15_parted, nzn_winding_woodlands_5x5_default],
          layout_loops_ring, minmay_hedge_maze, lemuel_fruit_tree
Lair:5:   wormcave, layout_big_grid, hangedman_lair_tendril_chambers,
          slime_entry_1, chequers_serial_rivers_small_b
Swamp:1:  layout_basic_swamp, evilmike_swamp_ruin_house_2
Swamp:2:  layout_falls_marsh, nicolae_swamp_orc_logging_accident, uniq_louise,
          uniq_mlioglotl, uniq_jorgrun
Swamp:3:  layout_basic_swamp, nicolae_swamp_treefoil
Swamp:4:  swamp_pestilence, layout_basic_swamp
Spider:1: layout_spider_delve, nicolae_spider_paper_wasps, uniq_aizul
Spider:2: layout_spider_delve, hangedman_spider_tarantella_strand, uniq_azrael
Spider:3: layout_spider_delve
Spider:4: guppyfry_spider_rune
Slime:1:  layout_caves, cheibrodos_slime_lost_civilization_4
Slime:2:  layout_caves, uniq_dissolution
Slime:3:  layout_caves
Slime:4:  layout_caves
Slime:5
Orc:1:    layout_diamond_mine, basic_altar
Orc:2:    st_orc_town, layout_caves
Elf:1:    nicolae_elf_arrival_fired_up, layout_loops_corners, basic_altar,
          serial_shops, shop, minivault_28
Elf:2:    nicolae_elf_blades_crystal_corner, layout_gridlike, serial_shops,
          shop, gammafunk_ghost_berserking_beasts, nicolae_shop_gadgets
Elf:3:    elf_hall_gauntlet_wide, layout_geoelf_diagonals,
          gammafunk_ghost_cemetery
Vaults:1: v_misc_29, v_rooms_2, hangedman_vaults_nails, v_misc_2,
          vaults_room_semicircle, nicolae_vaults_ring_of_whatevers,
          nicolae_vaults_yaktaur_gun_rack, nicolae_vaults_gold_heap,
          layout_vaults_omnigrid, serial_shops, nicolae_shop_crystal
Vaults:2: hangedman_vaults_variations, nicolae_vaults_little_squares_3,
          v_misc_30, vaults_room_hallway, vaults_standard_mumra_x,
          v_alt_pattern_3, vaults_mumra_minichess, v_misc_23,
          vaults_room_mumra_shop_pool, layout_vaults_big_cross
Vaults:3: v_alt_pattern_5, grunt_vaults_twisty, st_cells, ontoclasm_vaults_chip,
          vaults_mumra_hexcomb, hangedman_vaults_maws, vaults_dpeg_spiral,
          v_misc_25, v_pattern_4, vaults_dpeg_emergency_exit,
          ontoclasm_vaults_decontamination, vaults_room_hallway,
          vaults_dpeg_cross, layout_vaults_big_room, serial_shops,
          bzr_entry_gold, shop
Vaults:4: gammafunk_ghost_ooze, v_misc_14, grunt_vaults_hallway_long,
          vaults_mumra_chevron, nicolae_vaults_little_squares_4,
          nicolae_vaults_ring_of_whatevers, nicolae_vaults_ninety_degrees,
          grunt_vaults_trifunnel, nicolae_vaults_little_squares_3,
          hangedman_vaults_trim, vaults_dpeg_diagonal,
          nicolae_vaults_diagonal_hallway_7, layout_vaults_omnibox,
          serial_shops, nicolae_shop_tiny_glass, uniq_donald, uniq_boris
Vaults:5
Crypt:1:  layout_gridlike
Crypt:2:  layout_misc_corridors, gammafunk_ghost_cemetery, uniq_jory
Crypt:3:  due_elkab, layout_chaotic_city, nicolae_tomb_entry_rubble_hallway,
          weyrava_vampire_temple, uniq_vv, uniq_zenata
Tomb:1
Depths:1: layout_gridville, enter_ziggurat_f, hellmonk_ghost_big_iron,
          hell_entry, wad_floor_pattern_untrapped,
          hangedman_abyss_or_decor_lesser_grid, nicolae_shop_clearance
Depths:2: grunt_x_marks_the_spot, layout_cave_pools, minmay_misc_feat_doors,
          hell_entry, pan_entry, serial_shops, shop, mu_enter_wizlab_7,
          nicolae_burly_brawl, infiniplex_staircase_split_hallway
Depths:3: minmay_bloctagon_deflated, layout_basic, abyss_entry,
          good_gods_mini_temple, gammafunk_ghost_necromancy, hellmouth_3,
          kennysheep_random_hallway, infiniplex_staircase_pillars_2
Depths:4: lemuel_castle_with_subvaults [lemuel_castle_interior_carwin_3],
          layout_cave_pools, hell_entry, nicolae_figureground_sparkle
Hell
Dis:1:    layout_jigsaw, nicolae_dis_strange_trophy_room
Dis:2:    hangedman_dis_decor_blocks_crown, layout_jigsaw
Dis:3:    layout_regular_city
Dis:4:    layout_regular_city
Dis:5:    layout_subdivisions
Dis:6:    layout_gridville
Dis:7:    iron_city_of_dis [dis_mu, dis_wall_5], layout_gridville,
          nicolae_dis_scattering
Geh:1:    layout_gehenna_pools_basic
Coc:1:    layout_ice_bergs
Coc:2:    layout_cocytus_delve
Coc:3:    layout_ice_bergs
Coc:4:    layout_cocytus_delve, serial_ice, serial_ice_c
Tar:1:    layout_catacombs
Tar:2:    layout_grid_maze
Tar:3:    layout_grid_maze
Tar:4:    layout_honeycomb
Tar:5:    layout_grid_maze, nicolae_tar_cuneiform_bread
Zot:1:    layout_onion_interference
Zot:2:    layout_gridlike, grunt_ministairs_9, nicolae_transporter_intersection
Zot:3:    layout_onion_interference, basic_altar, st_stairs_6
Zot:4:    layout_cathedral_of_symmetry, zot_minivault_1, uniq_grunn
Zot:5:    layout_gridlike

Skill      XL: |  1  2  3  4  5  6  7  8  9 10 11 12 13 14 15 16 17 18 19 20 21 22 23 24 25 26 27 |
---------------+----------------------------------------------------------------------------------+-----
Axes           | 3 4 5 6 9 11 14 16 18 20 23 26 27 | 27.0
Shields        | 7 10 12 13 15 16 18 20 21 23 25 27 | 27.0
Fighting       | 5 8 12 15 17 18 20 21 22 24 26 27 | 27.0
Armour         | 5 8 11 13 16 17 18 19 20 21 23 26 27 | 27.0
Throwing       | 4 9 10 | 10.0
Dodging        | 6 10 25 | 25.8
Stealth        | 18 | 18.6
Evocations     | 10 | 10.0

Action                     |  1- 3 |  4- 6 |  7- 9 | 10-12 | 13-15 | 16-18 | 19-21 | 22-24 | 25-27 || total
---------------------------+-------+-------+-------+-------+-------+-------+-------+-------+-------++-------
  Melee: War axe           |    89 |   117 |   239 |   114 |       |       |       |       |       ||   559
         Broad axe         |       |       |       |   635 |  1009 |  1141 |   807 |  1215 |  5865 || 10672
         Spear             |       |       |       |       |    78 |       |       |       |       ||    78
         Pseudopods        |       |       |       |       |       |   264 |   252 |   400 |  1503 ||  2419
         Scimitar          |       |       |       |       |       |    33 |       |       |       ||    33
         Headbutt          |       |       |       |       |       |    94 |   254 |   461 |   351 ||  1160
         Kick              |       |       |       |       |       |       |   121 |    55 |  1094 ||  1270
         Trident           |       |       |       |       |       |       |       |    38 |       ||    38
         Bite              |       |       |       |       |       |       |       |    81 |   378 ||   459
  Throw: Dart              |       |     4 |     4 |    10 |     6 |       |     3 |     4 |       ||    31
         Boomerang         |       |       |       |     4 |       |       |       |       |       ||     4
         Throwing net      |       |       |       |       |       |       |       |     1 |       ||     1
 Invoke: Oozemancy         |       |       |       |       |       |       |     1 |     2 |     5 ||     8
  Evoke: Wand              |       |       |       |       |       |       |       |       |     5 ||     5
    Use: Scroll            |     3 |     2 |     5 |    13 |    14 |     6 |     5 |     6 |    26 ||    80
         Potion            |       |     1 |     3 |     5 |     5 |       |     4 |     4 |    26 ||    48
   Stab: Petrified         |       |       |       |       |     3 |       |       |       |       ||     3
         Petrifying        |       |       |       |       |     2 |       |       |       |       ||     2
         Confused          |       |       |       |       |       |    26 |    15 |     6 |    41 ||    88
         Distracted        |       |       |       |       |       |       |     2 |     1 |    20 ||    23
 Armour: Scale mail        |    42 |    58 |    79 |    23 |       |       |       |       |       ||   202
         Plate armour      |       |       |       |   235 |   358 |       |       |       |       ||   593
         Crystal plate arm |       |       |       |       |   151 |   542 |   335 |    63 |       ||  1091
         Gold dragon scale |       |       |       |       |       |       |       |   361 |  1317 ||  1678
  Dodge: Dodged            |    39 |    39 |    57 |    75 |   141 |   151 |   142 |   300 |  1397 ||  2341
  Block: Buckler           |    23 |    25 |    52 |       |       |       |       |       |       ||   100
         Kite shield       |       |       |    86 |   536 |   515 |       |   750 |   939 |  4858 ||  7684
         Reflection        |       |       |       |    28 |    22 |    53 |    96 |    23 |   130 ||   352
         Tower shield      |       |       |       |       |   385 |  1495 |    84 |       |       ||  1964

Table legend: (Time is in decaauts)
 A = Elapsed time spent in this place.
 B = Non-inter-level travel time spent in this place.
 C = Inter-level travel time spent in this place.
 D = Time resting spent in this place.
 E = Time spent auto-exploring this place.
 F = Levels seen in this place.
 G = Mean time per level.
                   A        B        C        D        E       F      G
               +--------+--------+--------+--------+--------+-----+--------+
         Total |  75675 |  66657 |   9018 |   5640 |  41093 | 101 |  749.3 |
       Dungeon |  17393 |  14630 |   2763 |   1267 |  10487 |  15 | 1159.5 |
          Lair |   8016 |   7275 |    741 |   1214 |   4802 |   5 | 1603.2 |
         Swamp |   2803 |   2609 |    194 |    308 |   1491 |   4 |  700.8 |
   Spider Nest |   2427 |   2281 |    146 |     24 |   1507 |   4 |  606.8 |
    Slime Pits |   1484 |   1224 |    260 |      0 |   1105 |   5 |  296.8 |
  Orcish Mines |   2178 |   1342 |    836 |     34 |    958 |   2 | 1089.0 |
   Elven Halls |   3377 |   2821 |    556 |      3 |   2007 |   3 | 1125.7 |
        Vaults |   6650 |   5652 |    998 |    192 |   3989 |   5 | 1330.0 |
         Crypt |   2928 |   2547 |    381 |      0 |   1861 |   3 |  976.0 |
          Tomb |   1007 |    912 |     95 |    126 |    524 |   1 | 1007.0 |
        Depths |   4996 |   3995 |   1001 |    636 |   2091 |   4 | 1249.0 |
          Hell |    833 |    642 |    191 |    144 |    285 |   1 |  833.0 |
           Dis |   3144 |   2858 |    286 |    339 |    799 |   7 |  449.1 |
       Gehenna |     22 |     22 |      0 |      0 |      0 |   1 |   22.0 |
       Cocytus |    345 |    345 |      0 |     56 |      0 |   4 |   86.2 |
      Tartarus |    496 |    496 |      0 |     92 |      0 |   5 |   99.2 |
           Zot |   4640 |   4077 |    563 |    268 |   2345 |   5 |  928.0 |
         Abyss |   1252 |   1252 |      0 |    163 |    448 |   7 |  178.9 |
   Pandemonium |  10622 |  10622 |      0 |    548 |   6030 |  16 |  663.9 |
        Bazaar |    102 |    102 |      0 |      0 |     85 |   1 |  102.0 |
        Bailey |    495 |    495 |      0 |    223 |     98 |   1 |  495.0 |
      Ice Cave |    119 |    119 |      0 |      0 |      0 |   1 |  119.0 |
        Wizlab |    335 |    335 |      0 |      0 |    177 |   1 |  335.0 |
               +--------+--------+--------+--------+--------+-----+--------+

Top non-repeatable levels by time:
   Dis:7: 2254 daAuts
  Lair:5: 2201 daAuts
  Lair:4: 2067 daAuts
     D:6: 1905 daAuts
Depths:4: 1732 daAuts
     D:1: 1538 daAuts
  Lair:1: 1428 daAuts
Vaults:1: 1427 daAuts
Vaults:5: 1412 daAuts
   Orc:2: 1404 daAuts
     D:9: 1404 daAuts
  Lair:2: 1401 daAuts
    D:13: 1396 daAuts
   Elf:1: 1347 daAuts
Vaults:4: 1323 daAuts
